 Dungeon Crawl Stone Soup version 0.31.0-11-ge490571c62 (webtiles) character file.

Game seed: 15097044220234856753

1297006 drcatpants2 the Ruinous (level 27, -6/190 HPs)
             Began as a Tengu Berserker on Jan 24, 2024.
             Was an Initiate of Gozag.
             Killed from afar by an ancient lich (54 damage)
             ... with a crystal spear
             ... on level 18 of a ziggurat on Jan 27, 2024.
             The game lasted 09:13:41 (104232 turns).

drcatpants2 the Ruinous (Tengu Berserker)         Turns: 104232, Time: 09:13:42

Health: -6/190     AC: 47    Str: 28    XL:     27
Magic:  46/61      EV: 18    Int: 27    God:    Gozag
Gold:   10932      SH:  0    Dex: 16    Spells: 8/74 levels left

rFire   + . .        u - staff of Distraction {Int+2 Dex-3 SInv Conj Ice}
rCold   + + +        (no shield)
rNeg    + + +        l - +15 plate armour of Posorieh {rElec Int+3}
rPois   ∞            L - +2 hat
rElec   +            m - +2 cloak {Will+}
rCorr   +            A - +1 pair of gloves "Pool" {Int+2 Dex+2}
SInv    +            (boots unavailable)
Will    ++...        w - amulet of regeneration Stlth
                     C - ring of Jufiap {rC+ Str+6 Int+3}
HPRegen 1.31/turn    M - ring of Xycest {rF+ rC+ rCorr MP+9 Dex+3}
MPRegen 0.37/turn

%: acrobat, clarity
@: death-form, weak-willed, gold aura, flying, studying 5 skills
A: vile attack, torment immunity, no potions, flying, beak, talons 3, evasive
flight, acrobatic, iridescent scales 1, clarity
}: 13/15 runes: barnacled, slimy, silver, obsidian, icy, bone, abyssal, demonic,
glowing, magical, fiery, dark, gossamer
a: Siphon Essence, Begin Untransformation, Renounce Religion, Potion Petition,
Call Merchant, Bribe Branch


You were on level 18 of a ziggurat.
You worshipped Gozag.
Gozag was extremely pleased with you.
You were an undying horror.
You visited 16 branches of the dungeon, and saw 76 of its levels.
You visited Pandemonium 2 times, and saw 12 of its levels.
You visited the Abyss 3 times.
You visited 1 ziggurat, and saw 18 of its levels.
You also visited: Sewer, Ossuary and Ice Cave.

You collected 46702 gold pieces.
You spent 2680 gold pieces at shops.
You paid 33090 gold pieces to Gozag.

Inventory:

Hand Weapons
 a - a +9 spectral executioner's axe
 b - a +9 antimagic executioner's axe
 t - a +8 vampiric broad axe
Missiles
 z - 43 javelins (quivered)
 N - 13 curare-tipped darts
 S - 34 silver javelins
Armour
 l - the +15 plate armour of Posorieh (worn) {rElec Int+3}
   (You acquired it on level 5 of the Lair of Beasts)

   Int+3:     It affects your intelligence (+3).
   rElec:     It insulates you from electricity.
 m - a +2 cloak of willpower (worn)
 A - the +1 pair of gloves "Pool" (worn) {Int+2 Dex+2}
   (You found it on level 7 of the Dungeon)

   Int+2:     It affects your intelligence (+2).
   Dex+2:     It affects your dexterity (+2).
 F - the +5 moon troll leather armour {Spirit, Regen++ MP+5}
   (You found it on level 6 of a ziggurat)

   MP+5:      It affects your magic capacity (+5).
   Regen++:   It increases your rate of health regeneration.
 L - a +2 hat (worn)
 U - the +3 tower shield of Incorporation {rElec rC+ Will+}
   (You took it off a daeva in Pandemonium)

   rC+:       It protects you from cold.
   rElec:     It insulates you from electricity.
   Will+:     It increases your willpower.
 Z - the +2 pair of gloves of the Hippo {rF+ Dex+4}
   (You found it on level 16 of a ziggurat)

   Dex+4:     It affects your dexterity (+4).
   rF+:       It protects you from fire.
Magical Staves
 u - the staff of Distraction (weapon) {Int+2 Dex-3 SInv Conj Ice}
   (You found it on level 7 of Cocytus)

   [staff of conjuration]

   Base accuracy: +5 Base damage: 5 Base attack delay: 1.2 This weapon's minimum
   attack delay (0.6) is reached at skill level 12.
   Int+2:     It affects your intelligence (+2).
   Dex-3:     It affects your dexterity (-3).
   SInv:      It lets you see invisible.
   Conj:      It increases the power of your Conjurations spells.
   Ice:       It increases the power of your Ice spells.
   It falls into the 'Staves' category.
   It is a one-handed weapon.
 H - the staff "Irchitygo" {rPois rF+++ Str-4 Int+4 Earth}
   (You found it in Pandemonium)

   [staff of earth]

   Base accuracy: +5 Base damage: 5 Base attack delay: 1.2 This weapon's minimum
   attack delay (0.6) is reached at skill level 12.
   Str-4:     It affects your strength (-4).
   Int+4:     It affects your intelligence (+4).
   rF+++:     It renders you almost immune to fire.
   rPois:     It protects you from poison Earth: It increases the power of your
   Earth spells.
   It falls into the 'Staves' category.
   It is a one-handed weapon.
Jewellery
 f - a ring of protection from fire
 j - the ring "Patagi" {rN+ EV+5 Dex+2 SInv Stlth-}
   (You found it on level 4 of the Abyss)

   [ring of evasion]

   EV+5:      It affects your evasion (+5).
   Dex+2:     It affects your dexterity (+2).
   rN+:       It protects you from negative energy.
   SInv:      It lets you see invisible.
   Stlth-:    It makes you less stealthy.
 w - an amulet of regeneration (around neck)
 C - the ring of Jufiap (left hand) {rC+ Str+6 Int+3}
   (You acquired it on level 6 of the Dungeon)

   [ring of strength]

   Str+6:     It affects your strength (+6).
   Int+3:     It affects your intelligence (+3).
   rC+:       It protects you from cold.
 M - the ring of Xycest (right hand) {rF+ rC+ rCorr MP+9 Dex+3}
   (You took it off a merfolk javelineer on level 4 of the Shoals)

   [ring of resist corrosion]

   Dex+3:     It affects your dexterity (+3).
   rF+:       It protects you from fire.
   rC+:       It protects you from cold.
   MP+9:      It affects your magic capacity (+9).
   rCorr:     It protects you from acid and corrosion.
 R - the ring of Oguipt {Wiz Str+2}
   (You found it on level 7 of a ziggurat)

   [ring of wizardry]

   Wiz:       It improves your spell success rate.
   Str+2:     It affects your strength (+2).
Talismans
 W - a talisman of death (active)
Wands
 B - a wand of digging (13)
 G - a wand of roots (112)
 J - a wand of quicksilver (60)
Scrolls
 e - 23 scrolls of blinking
 p - 6 scrolls of amnesia
 s - 4 scrolls of butterflies
 v - 10 scrolls of revelation
 x - 19 scrolls of fog
 y - 14 scrolls of fear
 D - 3 scrolls of enchant armour
 K - 5 scrolls of torment
 P - 37 scrolls of teleportation
Potions
 d - 13 potions of enlightenment
 g - 10 potions of magic
 h - 13 potions of brilliance
 i - 42 potions of curing
 k - 14 potions of cancellation
 o - 6 potions of invisibility
 q - 10 potions of heal wounds
 r - 5 potions of mutation
 E - 7 potions of ambrosia
 I - 7 potions of might
 O - 4 potions of resistance
 Y - 10 potions of haste
Miscellaneous
 c - a phantom mirror
 n - a lightning rod (4/4)
 Q - a box of beasts
 T - a phial of floods
 X - a condenser vane


   Skills:
 - Level 24.0 Fighting
 - Level 24.0 Axes
 - Level 18.0 Throwing
 - Level 24.0 Armour
 - Level 12.0 Dodging
 - Level 6.0 Stealth
 - Level 24.0 Spellcasting
 - Level 26.0 Conjurations
 - Level 6.0 Translocations
 * Level 24.1 Fire Magic
 + Level 9.3 Ice Magic
 - Level 26.0 Air Magic
 - Level 12.0 Evocations
 - Level 23.0 Shapeshifting


You had 8 spell levels left.
You knew the following spells:

 Your Spells              Type           Power      Damage    Failure   Level
a - Blink                 Tloc           100%       N/A       1%          2
b - Maxwell's Capacitive  Air            53%        ∞         1%          8
c - Apportation           Tloc           100%       N/A       1%          1
d - Swiftness             Air            100%       N/A       0%          3
e - Shatter               Erth           16%        3d15*     100%        9
g - Airstrike             Air            53%        2d(8-24)  0%          4
h - Polar Vortex          Ice            45%        12d6*     100%        9
i - Ignition              Fire           52%        3d14      1%          8
j - Fire Storm            Conj/Fire      64%        8d16      13%         9
v - Vhi's Electric Charg  Tloc/Air       100%       N/A       1%          4
C - Chain Lightning       Conj/Air       65%        3d87      9%          9

Your spell library contained the following spells:

 Spells                   Type           Power      Damage    Failure   Level
 Magic Dart               Conj           100%       1d8       0%          1
 Shock                    Conj/Air       100%       1d9       0%          1
 Momentum Strike          Conj/Tloc      100%       3d10      0%          2
 Scorch                   Fire           100%       2d9       0%          2
 Searing Ray              Conj           100%       2d8       0%          2
 Static Discharge         Conj/Air       100%       3-8/arc   0%          2
 Hailstorm                Conj/Ice       100%       3d16      0%          3
 Mephitic Cloud           Conj/Alch/Air  100%       N/A       0%          3
 Flame Wave               Conj/Fire      100%       2d21      0%          4
 Arcjolt                  Conj/Air       65%        1d75      0%          5
 Fireball                 Conj/Fire      64%        3d24      0%          5
 Iskenderun's Battlesphe  Conj           100%       2d15      0%          5
 Conjure Ball Lightning   Conj/Air       65%        3x3d23    0%          6
 Kiss of Death            Conj/Necr      100%       2d13      1%          1
 Sting                    Conj/Alch      100%       1d9       1%          1
 Cigotuvi's Dreadful Rot  Necr/Alch/Air  100%       N/A       1%          2
 Ensorcelled Hibernation  Hex/Ice        100%       N/A       1%          2
 Lesser Beckoning         Tloc           100%       N/A       1%          2
 Mercury Vapours          Alch/Air       100%       N/A       1%          2
 Dazzling Flash           Conj/Hex       100%       N/A       1%          3
 Frozen Ramparts          Ice            100%       1d16      1%          3
 Gell's Gravitas          Tloc           59%        N/A       1%          3
 Inner Flame              Hex/Fire       78%        N/A       1%          3
 Ozocubu's Armour         Ice            90%        N/A       1%          3
 Stone Arrow              Conj/Erth      100%       3d13      1%          3
 Summon Ice Beast         Ice/Summ       72%        N/A       1%          3
 Teleport Other           Tloc           59%        N/A       1%          3
 Volatile Blastmotes      Fire/Tloc      100%       2d18      1%          3
 Brom's Barrelling Bould  Conj/Erth      100%       2d11      1%          4
 Fulminant Prism          Conj/Alch      50%        3d23      1%          4
 Ignite Poison            Fire/Alch      78%        N/A       1%          4
 Iskenderun's Mystic Bla  Conj/Tloc      100%       2d19      1%          4
 Sticky Flame             Fire/Alch      78%        2d12      1%          4
 Summon Blazeheart Golem  Fire/Summ      78%        N/A       1%          4
 Summon Lightning Spire   Summ/Air       80%        N/A       1%          4
 Freezing Cloud           Conj/Ice/Air   72%        6-21      1%          5
 Irradiate                Conj/Alch      50%        3d28      1%          5
 Silence                  Hex/Air        40%        N/A       1%          5
 Plasma Beam              Fire/Air       53%        2x1d68    1%          6
 Starburst                Conj/Fire      64%        6d17      1%          6
 Orb of Destruction       Conj           65%        9d15      1%          7
 Bombard                  Conj/Erth      50%        9d8       2%          6
 Necrotise                Necr           100%       1d9       3%          1
 Sandblast                Erth           64%        2d14      3%          1
 Slow                     Hex            100%       N/A       3%          1
 Summon Small Mammal      Summ           100%       N/A       3%          1
 Manifold Assault         Tloc           59%        N/A       3%          4
 Passage of Golubria      Tloc           59%        N/A       3%          4
 Call Imp                 Summ           64%        N/A       5%          2
 Jinxbite                 Hex            64%        N/A       5%          2
 Sublimation of Blood     Necr           32%        N/A       5%          2
 Call Canine Familiar     Summ           32%        N/A       11%         3
 Confusing Touch          Hex            32%        N/A       11%         3
 Fugue of the Fallen      Necr           32%        N/A       11%         3
 Passwall                 Erth           32%        N/A       11%         3
 Sigil of Binding         Hex            32%        N/A       11%         3
 Tukima's Dance           Hex            32%        N/A       11%         3
 Vampiric Draining        Necr           32%        2d8       11%         3
 Dimensional Bullseye     Hex/Tloc       24%        N/A       11%         4
 Spellforged Servitor     Conj/Summ      50%        N/A       14%         7
 Metabolic Englaciation   Hex/Ice        36%        N/A       16%         5
 Summon Forest            Summ/Tloc      24%        N/A       28%         5
 Anguish                  Hex/Necr       16%        N/A       34%         4
 Animate Armour           Summ/Erth      64%        N/A       34%         4
 Cause Fear               Hex            16%        N/A       34%         4
 Leda's Liquefaction      Alch/Erth      16%        N/A       34%         4
 Martyr's Knell           Necr/Summ      32%        N/A       34%         4
 Olgreb's Toxic Radiance  Alch           32%        N/A       34%         4
 Petrify                  Alch/Erth      32%        N/A       34%         4
 Dispersal                Tloc           29%        N/A       43%         6
 Ozocubu's Refrigeration  Ice            45%        4d17      54%         7
 Sculpt Simulacrum        Ice/Alch       36%        N/A       63%         6
 Alistair's Intoxication  Alch           21%        N/A       69%         5
 Borgnjor's Vile Clutch   Necr/Erth      16%        N/A       69%         5
 Curse of Agony           Necr           32%        N/A       69%         5
 Lee's Rapid Deconstruct  Erth           16%        3d10*     69%         5
 Summon Mana Viper        Hex/Summ       32%        N/A       69%         5
 Yara's Violent Unravell  Hex/Alch       16%        3d8       69%         5
 Lehudib's Crystal Spear  Conj/Erth      50%        10d12     75%         8
 Eringya's Noxious Bog    Alch           16%        4d6       99%         6
 Summon Cactus Giant      Summ           16%        N/A       99%         6
 Enfeeble                 Hex            16%        N/A       100%        7
 Haunt                    Necr/Summ      16%        N/A       100%        7
 Malign Gateway           Summ/Tloc      24%        N/A       100%        7
 Monstrous Menagerie      Summ           16%        N/A       100%        7
 Summon Hydra             Summ           16%        N/A       100%        7
 Borgnjor's Revivificati  Necr           16%        N/A       100%        8
 Discord                  Hex            16%        N/A       100%        8
 Disjunction              Tloc           29%        N/A       100%        8
 Summon Horrible Things   Summ           16%        N/A       100%        8
 Death's Door             Necr           16%        N/A       100%        9
 Dragon's Call            Summ           16%        N/A       100%        9


Dungeon Overview and Level Annotations

Branches:
Dungeon (15/15)            Temple (1/1) D:7            Lair (5/5) D:9
 Shoals (4/4) Lair:3       Spider (4/4) Lair:3        Slime (5/5) Lair:5
    Orc (2/2) D:10            Elf (3/3) Orc:2        Vaults (5/5) D:13
  Crypt (3/3) Vaults:2       Tomb (0/3) Crypt:3      Depths (4/4) D:15
   Hell (visited)             Dis (0/7) Hell            Geh (7/7) Hell
    Coc (7/7) Hell            Tar (7/7) Hell            Zot (5/5) Depths:4
  Sewer (visited)         Ossuary (visited)           IceCv (visited)

Altars:
Ashenzari
Cheibriados
Dithmenos
Elyvilon
Fedhas
Gozag
Hepliaklqana
Kikubaaqudgha
Makhleb
Nemelex Xobeh
Okawaru
Qazlal
Ru
Sif Muna
Trog
Uskayaw
Vehumet
Wu Jian
Xom
Yredelemnul
Zin
The Shining One
Jiyva

Shops:
D:11 [   D:12 ?   Orc:2 (!(=(   Elf:2 =   Elf:3 (

Portals:
Hell: Depths:1 Depths:2 Depths:3 Depths:4
Abyss: Depths:3 Depths:4
Pandemonium: Depths:2 Depths:3


Innate Abilities, Weirdness & Mutations

You are an undying horror.
Your melee and unarmed attacks drain, slow and weaken victims.
You are immune to unholy pain and torment.
You cannot drink.
You are flying.
You are immune to poison.
You have a beak for a mouth.
You have claws for feet.
Your magical flight helps you evade attacks. (EV +4)
You can magically evade attacks while moving or waiting.
You are partially covered in iridescent scales. (AC +2)
You possess an exceptional clarity of mind.


Message History

You kill the ironbound convoker!
The fireball engulfs the sphinx!
The sphinx is almost dead.
The fireball engulfs the stone giant!
You kill the stone giant!
The fireball engulfs the Brimstone Fiend.
The Brimstone Fiend completely resists.
The fireball engulfs the stone giant!!
The stone giant is almost dead.
The fireball engulfs the tengu reaver!!
The tengu reaver is severely wounded.
The fireball engulfs the ancient lich.
The ancient lich resists.
The ancient lich is almost destroyed.
The fireball engulfs the ancient lich!
The ancient lich resists.
The ancient lich is moderately damaged.
The fireball engulfs the ancient lich!
The ancient lich resists.
The ancient lich is moderately damaged.
The fireball engulfs the ancient lich.
The ancient lich completely resists.
The ancient lich is heavily damaged.
The fireball engulfs the vault warden!
The vault warden is severely wounded.
The fireball engulfs the stone giant!!
You kill the stone giant!
The ancient lich is distracted by your dazzling golden aura.
The ancient lich gestures at you while chanting.
The crystal spear hits you!!!!
Ouch! That really hurt!
* * * LOW HITPOINT WARNING * * *
The dread lich is distracted by your dazzling golden aura.
The ancient lich touches you but does no damage.
The shadow dragon is distracted by your dazzling golden aura.
The phantasmal warrior is distracted by your dazzling golden aura.
The tengu reaver hits you with a +0 dire flail.
* * * LOW HITPOINT WARNING * * *
The tengu reaver pecks you.
* * * LOW HITPOINT WARNING * * *
The tengu reaver claws you but does no damage.
The ancient lich casts a spell at you. The crystal spear hits you!!!
You die...
Your body crumbles into a pile of gold.

...... ▓.........
▓...........▓
▓▓▓▓▓▓▓▓▓...........▓▓▓▓
........................
...$DL..................
))(..$..Q.$.............
|:[).C$z$$L.............
∩|?$.CpLL§L.............
>))L..$C$$.p§...........
∩[!!.1$$.H..W§..........
[!!/...$................
/::.....................
........................
........................
▓▓▓▓▓▓...........▓▓▓▓


You could see a shadow dragon (soul bound, unaware), 4 ancient liches, 2 dread
liches, a Brimstone Fiend (summoned), 2 fire giants, a sphinx (soul bound,
empowered), a stone giant (soul bound), 2 vault wardens, a tengu reaver (soul
bound, empowered, repels missiles) and a phantasmal warrior (unaware).

Vanquished Creatures
  Cerebov (Pan)
  Antaeus (Coc:7)
  Asmodeus (Geh:7)
  Mnoleg (Pan)
  Ereshkigal (Tar:7)
  the Serpent of Hell (Coc:7)
  Gloorx Vloq (Pan)
  Lom Lobon (Pan)
  A seraph (Pan)
  9 dread liches
  Khufu (Crypt:1)
  Frederick (Crypt:1)
  6 ancient liches
  6 orbs of fire
  4 pandemonium lords
  3 juggernauts (Zig:10)
  2 royal mummies (Crypt:1)
  Josephina (Crypt:1)
  17 shard shrikes
  3 Killer Klowns
  Bai Suzhen (Elf:3)
  The ghost of Gucom the Sluggish Gnoll, a veteran GnFi of Cheibriados (Depths:1)
  Vv (Zot:3)
  Geryon (Hell)
  The ghost of Hijoso the Struggler, a veteran GnWn of Okawaru (Depths:1)
  6 curse toes
  3 caustic shrikes
  8 golden dragons
  The ghost of Gemnonof the Warrior, an adept DgCj (Depths:1)
  15 bone dragons
  The ghost of Jetyrhek the Devastator, a veteran GrEE of Lugonu (Crypt:3)
  12 profane servitors
  Arachne (Spider:3)
  9 doom hounds
  21 Tzitzimimeh
  4 iron giants
  2 pearl dragons (Pan)
  13 Brimstone Fiends
  2 electric golems (Zot:5)
  12 hellephants
  28 tentacled monstrosities
  18 Ice Fiends
  9 liches
  Asterion (Spider:1)
  5 Hell Sentinels
  A spectral shard shrike (Tar:6)
  15 tainted leviathans
  4 walking frostbound tomes (Zig:17)
  12 Orb Guardians (Zot:5)
  3 deep elf master archers
  5 deep elf blademasters
  6 quicksilver dragons
  24 Executioners
  15 titans
  14 tentacled starspawn
  17 acid blobs
  7 ancient champions
  2 krakens (Shoals:3)
  8 sphinxes
  Gastronok (D:9)
  32 searing wretches
  An eldritch tentacle (Pan)
  20 storm dragons
  Frances (Spider:1)
  10 death cobs
  Aizul (Spider:4)
  5 tengu reavers
  12 shadow dragons
  24 azure jellies
  27 narguns
  Roxanne (Spider:4)
  6 protean progenitors
  4 fenstrider witches
  9 rockslimes
  21 fire giants
  15 daevas (Pan)
  9 nagarajas
  9 draconian shifters
  13 demonspawn warmongers
  6 draconian monks
  5 emperor scorpions
  A caustic shrike zombie (Depths:2)
  8 draconian scorchers
  6 deep elf elementalists (Elf:3)
  6 iron dragons
  13 draconian knights
  A spectral caustic shrike (Tar:2)
  6 quicksilver elementals
  Louise (Spider:1)
  2 orc warlords
  17 vault wardens
  6 deep elf sorcerers
  11 shard shrike simulacra
  21 frost giants
  16 ghost moths
  A spectral juggernaut (Depths:2)
  9 ghouls (Crypt:1)
  19 cacodemons
  8 draconian stormcallers
  41 angels
  40 balrugs
  5 caustic shrike skeletons
  25 ironbound preservers
  5 curse skulls
  33 stone giants
  27 reapers
  6 demonspawn corrupters
  14 draconian annihilators
  26 elemental wellsprings
  3 demonspawn blood saints (Pan)
  21 ophanim (Pan)
  4 juggernaut skeletons (Pan)
  7 broodmothers
  12 ironbound thunderhulks
  18 very ugly things
  6 quicksilver oozes
  16 black draconians
  6 demonspawn black suns
  38 putrid mouths
  8 formless jellyfish
  8 green draconians
  7 deep elf demonologists
  10 vampire knights
  16 deep elf death magi
  9 lorocyprocas
  An occultist (Abyss:4)
  29 apis (Pan)
  11 deep elf annihilators
  A spectral titan (Tar:2)
  16 wendigos
  Azrael (D:15)
  13 purple draconians
  8 red draconians
  5 yellow draconians
  9 war gargoyles
  9 white draconians
  8 dire elephants
  7 spark wasps
  14 eidola
  9 green deaths
  6 iron golems
  2 crystal guardians
  22 blizzard demons
  2 spectral quicksilver dragons
  13 ettins
  7 merfolk javelineers
  A spectral golden dragon (Depths:2)
  7 merfolk impalers
  13 fire dragons
  9 entropy weavers
  A spectral sphinx (Depths:2)
  14 jiangshi
  A quicksilver dragon zombie (Vaults:4)
  9 deep elf high priests
  19 yaktaur captains
  A shambling mangrove (Zig:7)
  11 great orbs of eyes
  6 peacekeepers
  Harold (Orc:1)
  26 salamander tyrants
  A spriggan zombie (Depths:2)
  3 ogre magi
  A spectral shadow dragon (Depths:2)
  27 vault guards
  4 hell beasts
  3 spriggan air magi
  6 rakshasas
  11 ice dragons
  3 jorogumos
  A spectral tengu (Depths:2)
  9 hydras
  Erica (Lair:2)
  4 death knights
  11 caustic shrike simulacra
  A spectral stone giant (Tar:1)
  2 merfolk avatars
  2 spectral fire giants (Depths:2)
  A ghost crab (Zig:5)
  9 juggernaut simulacra
  3 radroaches
  13 ironbound frosthearts
  3 spriggan skeletons
  9 stokers
  7 merfolk aquamancers
  An alligator (Zig:7)
  19 centaur warriors
  6 boulder beetles
  An anaconda (Zig:13)
  3 catoblepae
  30 dancing weapons
  12 two-headed ogres
  A satyr (Shoals:3)
  10 death yaks
  3 deep troll shamans
  2 naga warriors
  8 deep troll earth magi
  7 tengu warriors
  55 hell hogs
  20 demonic crawlers
  A naga sharpshooter (Zig:9)
  A shock serpent (shapeshifter) (Abyss:4)
  A titan zombie (Depths:2)
  A spectral dire elephant (Tar:2)
  16 vampire magi
  Urug (Lair:4)
  3 orc high priests (Orc:2)
  A holy swine (Shoals:4)
  30 thrashing horrors
  3 spriggan berserkers
  63 sun demons
  5 shock serpents
  24 soul eaters
  A spectral minotaur (Tar:1)
  14 hell knights
  4 skysharks
  4 crystal echidnas
  19 deep elf knights
  17 skeletal warriors
  2 hellephant skeletons (Pan)
  A titan skeleton (Depths:2)
  8 iron trolls
  33 shadow wraiths
  9 pharaoh ants
  10 wretched stars
  Amaemon (D:8)
  A spriggan druid (Zig:7)
  A storm dragon skeleton (Depths:2)
  2 salamander mystics (Depths:4)
  25 sixfirhies
  55 deep trolls
  4 quicksilver dragon simulacra
  Nergalle (Lair:3)
  3 naga ritualists
  3 spatial maelstroms
  A spectral anaconda (Tar:1)
  9 sun moths
  10 orb spiders
  2 glowing orange brains
  23 cherubim
  12 flayed ghosts
  8 sea snakes
  2 golden dragon skeletons
  5 arcanists
  11 deep elf archers
  2 swamp dragons
  A tengu zombie (Depths:3)
  3 orange crystal statues
  A lindwurm (shapeshifter) (Vaults:5)
  6 steelbarb worms
  2 shadow dragon zombies
  An iron dragon zombie (Depths:2)
  15 phantasmal warriors
  A spectral hydra (Tar:2)
  4 spriggan simulacra
  5 lindwurms
  5 bog bodies
  An obsidian statue (Zig:10)
  20 ironbound convokers
  20 shadow demons
  Pikel (D:7)
  12 harpies
  2 alligator zombies (Hell)
  41 ugly things
  2 anaconda skeletons
  22 deep elf zephyrmancers
  A fenstrider witch simulacrum (Coc:2)
  13 necromancers
  An oklob plant (Lair:3)
  10 orc knights
  35 deep elf pyromancers
  27 wolf spiders
  2 spectral ettins (Tar:2)
  14 fauns
  8 manticores
  2 tengu skeletons
  2 shadow dragon skeletons
  2 shining eyes
  6 salamanders (Depths:4)
  A bunyip skeleton (Crypt:3)
  7 orc sorcerers
  A fire giant zombie (Vaults:4)
  5 spectral spriggans
  3 will-o-the-wisps
  8 worldbinders
  2 spectral centaurs
  A meliai (shapeshifter) (D:14)
  12 elephants
  3 spectral alligator snapping turtles
  23 cyclopes
  55 large abominations
  4 kobold blastminers
  7 merfolk sirens
  9 meliai
  34 moths of wrath
  10 titan simulacra
  5 guardian serpents
  6 naga magi
  8 molten gargoyles (Geh:7)
  17 black mambas
  A black mamba (shapeshifter) (Zig:18)
  19 vault sentinels
  A centaur zombie (Hell)
  4 ice statues
  An eye of devastation (Slime:3)
  28 smoke demons
  5 water nymphs
  8 rust devils
  2 gargoyles (D:11)
  A mana viper zombie (Crypt:3)
  A torpor snail (shapeshifter) (Vaults:5)
  22 orange demons
  5 torpor snails
  2 dire elephant skeletons
  14 cane toads
  A centaur skeleton (Crypt:3)
  2 naga skeletons (Crypt:1)
  A yaktaur (shapeshifter) (Vaults:5)
  A pale draconian zombie (Crypt:3)
  15 hellions
  23 rime drakes
  31 tormentors
  3 spark wasp simulacra
  A yellow draconian zombie (Crypt:2)
  11 anaconda simulacra
  A kobold demonologist (D:13)
  21 freezing wraiths
  2 bunyip simulacra
  10 komodo dragons
  9 unseen horrors
  18 yaktaurs
  A red draconian zombie (Crypt:3)
  5 guardian mummies (Crypt:3)
  3 hydra zombies
  8 efreet (Pan)
  3 tengu conjurers
  6 ice devils
  A death yak skeleton (Crypt:3)
  15 trolls
  10 ancient zymes
  A spectral human (Depths:2)
  15 merfolk
  4 silent spectres
  4 golden dragon simulacra
  A queen bee (Lair:3)
  A troll (shapeshifter) (D:14)
  3 iron giant simulacra (Coc:7)
  A yaktaur skeleton (Vaults:4)
  A bloated husk (Zig:2)
  A merfolk (shapeshifter) (Vaults:2)
  A sea snake skeleton (Hell)
  2 tengu simulacra (Depths:2)
  3 red devils
  The ghost of jackrogers the Cleaver, an amateur MiFi of Makhleb (D:4)
  36 tarantellas
  2 tyrant leeches (Abyss:4)
  8 wind drakes
  5 spectral harpies
  A shadow dragon simulacrum (Hell)
  39 polar bears
  9 hornets
  29 hellwings
  2 hydra skeletons (Crypt:3)
  A jumping spider zombie (Crypt:2)
  4 iron dragon simulacra
  18 raiju
  32 blink frogs
  A draconian simulacrum (Coc:1)
  15 dream sheep
  A fire giant simulacrum (Depths:2)
  A death drake skeleton (Crypt:1)
  76 slime creatures
  2 stone giant simulacra
  3 glass eyes
  A slime creature (shapeshifter) (Vaults:5)
  32 culicivoras
  23 small abominations
  5 snapping turtles
  25 water elementals
  An ettin skeleton (Vaults:4)
  23 jumping spiders
  A yak (shapeshifter) (Vaults:5)
  3 centaur simulacra
  5 wraiths
  25 ynoxinuls
  A human (D:13)
  15 dire elephant simulacra
  A hog (D:13)
  2 black mamba skeletons
  6 spriggans
  10 wyverns
  A fire bat (Abyss:4)
  41 yaks
  5 vampires
  5 naga simulacra
  A tyrant leech zombie (Crypt:1)
  4 basilisks
  40 starcursed masses
  5 fire elementals
  22 neqoxecs
  9 golden eyes
  A steam dragon (shapeshifter) (Vaults:5)
  58 redbacks
  4 steam dragons
  8 vampire mosquitoes
  A warg (Zig:4)
  13 chaos spawn
  12 harpy simulacra
  The ghost of Biggs the Magician, an amateur DjCj (D:4)
  A glowing shapeshifter zombie (Depths:3)
  3 spatial vortices (Abyss:4)
  A demonspawn zombie (Crypt:2)
  2 nagas
  2 swamp worms (shapeshifter)
  2 acid dragons (Lair:5)
  A naga (shapeshifter) (Zig:14)
  A glowing shapeshifter skeleton (Depths:2)
  A merfolk skeleton (Crypt:2)
  7 hell hounds
  29 water moccasins
  Pargi (Sewer)
  3 swamp drakes (Lair:5)
  2 ettin simulacra
  21 orc warriors
  An ice beast (D:7)
  33 laughing skulls
  25 black bears
  11 wolves
  18 ogres
  7 boggarts (Vaults:2)
  8 centaurs
  A swamp dragon zombie (Crypt:1)
  A fire dragon simulacrum (Coc:1)
  3 lemures (D:7)
  11 bullfrogs
  4 elf zombies (Ossuary)
  5 kobold brigands
  5 earth elementals
  3 gnoll sergeants (D:10)
  2 necrophages (Crypt:1)
  2 weeping skulls
  8 brain worms
  A warg zombie (Crypt:2)
  An elf skeleton (Crypt:1)
  3 scorpions (D:5)
  15 wights
  A raiju zombie (Crypt:3)
  A troll zombie (Crypt:3)
  41 killer bees
  7 electric eels
  2 bombardier beetles
  A howler monkey (D:8)
  3 quasits
  A wolf skeleton (Crypt:1)
  3 human zombies (Ossuary)
  2 jellies
  12 orc priests
  A spectral scorpion (Ossuary)
  4 iron imps
  A sleepcap (D:6)
  9 iguanas
  A black bear skeleton (Crypt:3)
  22 orc wizards
  Ijyb (D:3)
  A basilisk skeleton (Crypt:2)
  A scorpion zombie (Crypt:1)
  5 hell rats
  A boggart skeleton (Crypt:2)
  2 crocodile zombies (Ossuary)
  2 spectral hounds (Ossuary)
  A hound skeleton (Crypt:3)
  11 mummies
  4 gnolls
  9 adders
  2 river rats (D:4)
  A hound simulacrum (Ossuary)
  2 shadow imps
  6 white imps
  2 ufetubi (Abyss:2)
  4 spectral adders (Ossuary)
  2 spectral gnolls (Ossuary)
  4 dart slugs
  3 ribbon worms
  2 adder simulacra (Ossuary)
  85 orcs
  4 bats
  5 endoplasms
  5 giant cockroaches
  6 gnoll zombies (Ossuary)
  16 goblins
  10 hobgoblins
  2 jackals (D:2)
  3 quokkas
  14 ball pythons
  6 frilled lizards
  3 gnoll simulacra (Ossuary)
  3 jackal simulacra (Ossuary)
  25 kobolds
  6 kobold zombies (Ossuary)
  4 orc zombies (Ossuary)
  A quokka zombie (Crypt:3)
  7 rats
  A spectral jackal (Ossuary)
  6 aspiring fleshes
  17 butterflies
  7 creeping infernos
  5 fire vortices
  2 lurking horrors
  A spectral weapon (Spider:1)
  6 starspawn tentacles
  6 tentacles (Shoals:3)
4482 creatures vanquished.

Vanquished Creatures (collateral kills)
  the Royal Jelly (Slime:5)
  A Killer Klown (Zot:5)
  7 Orb Guardians (Zot:5)
  A tentacled monstrosity (Zot:5)
  2 acid blobs (Slime:5)
  A shadow dragon (Zot:5)
  A storm dragon (Zot:5)
  A draconian knight (Zot:5)
  An azure jelly (Slime:5)
  A quicksilver ooze (Slime:5)
  A purple draconian (Zot:5)
  A merfolk javelineer (Shoals:4)
  2 merfolk impalers (Shoals:4)
  A merfolk aquamancer (Shoals:4)
  A sea snake (Shoals:4)
  An orb spider (Spider:1)
  A cyclops (Shoals:4)
  A manticore (Shoals:4)
  2 moths of wrath (Zot:5)
  A water nymph (Shoals:4)
  6 merfolk (Shoals:4)
  A dream sheep (Shoals:4)
  A slime creature (Slime:5)
  A water elemental (Shoals:4)
38 creatures vanquished.

Vanquished Creatures (others)
  A dread lich (Zot:5)
  3 orbs of fire (Zot:5)
  A shard shrike (Coc:6)
  3 Killer Klowns (Zot:5)
  6 Orb Guardians (Zot:5)
  2 quicksilver dragons (Zot:5)
  A tentacled starspawn (Abyss:4)
  A thorn hunter (Zig:2)
  A storm dragon (Zot:5)
  2 draconian knights (Zot:5)
  A draconian shifter (Zot:5)
  A draconian stormcaller (Zot:5)
  A draconian annihilator (Zot:5)
  A demonspawn corrupter (Pan)
  A wendigo (Coc:3)
  A black draconian (Zot:5)
  A green draconian (Zot:5)
  2 purple draconians (Zot:5)
  A salamander tyrant (Geh:7)
  A caustic shrike simulacrum (Coc:3)
  A sixfirhy (Pan)
  A quicksilver dragon simulacrum (Coc:7)
  A swamp dragon (Zig:2)
  An obsidian statue (Zot:5)
  A harpy (Shoals:4)
  A will-o-the-wisp (Zig:5)
  A titan simulacrum (Coc:1)
  A guardian serpent (Zig:13)
  A cane toad (Lair:5)
  2 anaconda simulacra
  A raiju (Abyss:4)
  An iron dragon simulacrum (Coc:4)
  A dream sheep (Shoals:4)
  A dire elephant simulacrum (Coc:3)
  An alligator snapping turtle simulacrum (Coc:3)
  A steam dragon (Shoals:2)
  A harpy simulacrum (Coc:6)
  A small abomination (Abyss:3)
  An ettin simulacrum (Coc:7)
  2 naga simulacra
  An orc wizard (Orc:1)
  2 hell rats (Hell)
  An orc (Orc:1)
  3 ball lightnings (Pan)
  A creeping inferno (Hell)
  12 foxfires
  A lurking horror (Abyss:4)
  136 spectral weapons
  24 starspawn tentacles
  8 tentacles (Shoals:3)
243 creatures vanquished.

Grand Total: 4763 creatures vanquished

Notes
Turn   | Place    | Note
-------+----------+-------------------------------------------
     0 | D:1      | drcatpants2 the Tengu Berserker began the quest for the
                  | Orb.
     0 | D:1      | Reached XP level 1. HP: 14/14 MP: 2/2
   192 | D:1      | Reached XP level 2. HP: 19/19 MP: 3/3
   534 | D:1      | Reached XP level 3. HP: 23/23 MP: 4/4
   621 | D:1      | Reached ** piety under Trog
   703 | D:2      | Identified the +0 leather armour "Jehaesa" {rElec Will+}
   712 | D:2      | Identified the +0 robe of the Grey Skies {rC++ Will- Str+8
                  | Dex+4}
  1029 | D:2      | Reached skill level 5 in Axes
  1426 | D:3      | Reached XP level 4. HP: 28/28 MP: 5/5
  1980 | D:3      | Noticed Ijyb
  1989 | D:3      | Killed Ijyb
  1990 | D:3      | Reached XP level 5. HP: 32/32 MP: 6/6
  2234 | D:3      | Reached *** piety under Trog
  2356 | D:4      | Noticed an ogre
  2362 | D:4      | Killed an ogre
  2363 | D:4      | Reached XP level 6. HP: 30/37 MP: 7/7
  2428 | D:4      | Found a glowing drain.
  2437 | Sewer    | Entered a sewer
  2589 | Sewer    | Noticed Pargi
  2596 | Sewer    | Killed Pargi
  2601 | Sewer    | Gained mutation: Your magical flight helps you evade
                  | attacks. (EV +4) [Tengu growth]
  2601 | Sewer    | Reached XP level 7. HP: 41/41 MP: 6/8
  2778 | D:4      | Found a hide-covered altar of Uskayaw.
  2918 | D:4      | Found a broken altar of Ashenzari.
  2919 | D:4      | Found a sparkling altar of Nemelex Xobeh.
  2921 | D:4      | Found an opulent altar of Gozag.
  2921 | D:4      | Found a white marble altar of Elyvilon.
  3085 | D:4      | Found a runed translucent gate.
  3086 | D:4      | Found a runed translucent gate.
  3086 | D:4      | Found a runed translucent gate.
  3086 | D:4      | Noticed jackrogers's ghost (amateur MiFi)
  3086 | D:4      | Noticed Biggs's ghost (amateur DjCj)
  3143 | D:4      | Found an ancient bone altar of Kikubaaqudgha.
  3373 | D:4      | Killed jackrogers's ghost
  3374 | D:4      | Reached skill level 1 in Throwing
  3374 | D:4      | Reached skill level 1 in Stealth
  3374 | D:4      | Reached skill level 1 in Evocations
  3374 | D:4      | Killed Biggs's ghost
  3375 | D:4      | Reached XP level 8. HP: 46/46 MP: 9/9
  3505 | D:5      | Entered Level 5 of the Dungeon
  3754 | D:5      | Reached **** piety under Trog
  4586 | D:6      | Identified 2 scrolls of acquirement
  4586 | D:6      | Acquired the ring of Jufiap {rC+ Str+6 Int+3}
  4679 | D:6      | Reached XP level 9. HP: 52/52 MP: 10/10
  4683 | D:6      | Reached skill level 10 in Axes
  4687 | D:6      | Reached skill level 5 in Fighting
  4728 | D:6      | Found a shadowy altar of Dithmenos.
  4766 | D:6      | Found a sand-covered staircase.
  4775 | Ossuary  | Entered an ossuary
  5015 | Ossuary  | Reached ***** piety under Trog
  6145 | D:7      | Reached skill level 5 in Armour
  6246 | D:7      | Reached skill level 5 in Throwing
  6394 | D:7      | Reached XP level 10. HP: 60/60 MP: 9/11
  6629 | D:7      | Noticed Pikel
  6645 | D:7      | Killed Pikel
  6692 | D:7      | Identified the +1 pair of gloves "Pool" {Int+2 Dex+2}
  6746 | D:7      | Found a staircase to the Ecumenical Temple.
  6755 | Temple   | Entered the Ecumenical Temple
  6982 | D:7      | Found a sacrificial altar of Ru.
  7658 | D:8      | Found a glowing silver altar of Zin.
  7682 | D:8      | Noticed an orange demon
  7702 | D:8      | Killed an orange demon
  7820 | D:8      | Noticed Amaemon
  7833 | D:8      | Killed Amaemon
  8033 | D:9      | Noticed Gastronok
  8041 | D:9      | Killed Gastronok
  8042 | D:9      | Reached XP level 11. HP: 68/68 MP: 12/12
  8380 | D:9      | Found a shimmering blue altar of Sif Muna.
  8499 | D:9      | Found a staircase to the Lair.
  8499 | D:9      | Noticed a two-headed ogre
  8518 | D:9      | Killed a two-headed ogre
  8728 | D:10     | Entered Level 10 of the Dungeon
  8874 | D:10     | Noticed a two-headed ogre
  8884 | D:10     | Killed a two-headed ogre
  9030 | D:10     | Noticed a boulder beetle
  9044 | D:10     | Killed a boulder beetle
  9304 | D:10     | Reached XP level 12. HP: 75/75 MP: 13/13
  9521 | D:10     | Found a staircase to the Orcish Mines.
  9523 | D:10     | Received a gift from Trog
  9761 | Lair:1   | Entered Level 1 of the Lair of Beasts
  9810 | Lair:1   | Reached skill level 15 in Axes
 10751 | Lair:2   | Reached skill level 5 in Dodging
 10770 | Lair:2   | Noticed Erica
 10824 | Lair:2   | Killed Erica
 11099 | Lair:2   | Reached skill level 10 in Fighting
 11271 | Lair:2   | Reached XP level 13. HP: 57/82 MP: 14/14
 12173 | Lair:3   | Found a staircase to the Shoals.
 12198 | Lair:3   | Found a hole to the Spider Nest.
 12216 | Lair:3   | Noticed Nergalle
 12224 | Lair:3   | Killed Nergalle
 12374 | Lair:3   | Received a gift from Trog
 12813 | Lair:3   | Noticed Nessos
 12814 | Lair:3   | Nessos changed into Nessos the moth of wrath
 12814 | Lair:3   | Noticed Nessos
 12827 | Lair:3   | Killed Nessos the moth of wrath
 13789 | Lair:4   | Reached XP level 14. HP: 90/90 MP: 15/15
 14111 | Lair:4   | Noticed Urug
 14187 | Lair:4   | Killed Urug
 14533 | Lair:5   | Entered Level 5 of the Lair of Beasts
 14574 | Lair:5   | Found a viscous altar of Jiyva.
 14584 | Lair:5   | Found a staircase to the Slime Pits.
 14623 | Lair:5   | Reached ****** piety under Trog
 14877 | Lair:5   | Received a gift from Trog
 15260 | Lair:5   | Found a hide-covered altar of Uskayaw.
 16286 | Orc:1    | Entered Level 1 of the Orcish Mines
 16298 | Orc:1    | Received a gift from Trog
 16375 | Orc:1    | Reached XP level 15. HP: 70/97 MP: 16/16
 16463 | Orc:1    | Noticed Harold
 16474 | Orc:1    | Killed Harold
 16659 | Orc:1    | Found a transporter.
 16895 | Orc:1    | Found a transporter.
 16895 | Orc:1    | Found a runed translucent door.
 16895 | Orc:1    | Found a bloodstained altar of Trog.
 16895 | Orc:1    | Found the +8 Wrath of Trog {antimagic, *Rage Rampage}
 17075 | Orc:1    | Noticed a deep elf elementalist
 17158 | Orc:1    | Noticed a deep elf elementalist
 17313 | Orc:1    | Identified the +10 plate armour "Seuhocag" {rCorr Str+2
                  | Dex+2 Stlth+}
 17333 | Orc:1    | Noticed a deep elf sorcerer
 17397 | Orc:2    | Entered Level 2 of the Orcish Mines
 17418 | Orc:2    | Noticed an orc warlord
 17440 | Orc:2    | Killed an orc warlord
 17551 | Orc:2    | Paralysed by an orc sorcerer for 4 turns
 17574 | Orc:2    | Reached skill level 5 in Stealth
 17626 | Orc:2    | Found Zoafogro's Antique Weapon Boutique.
 17640 | Orc:2    | Reached skill level 5 in Evocations
 17646 | Orc:2    | Paralysed by an orc sorcerer for 3 turns
 17660 | Orc:2    | Found Leareec's Weapon Emporium.
 17667 | Orc:2    | Found Zabau's Distillery.
 17669 | Orc:2    | Found Aritet's Jewellery Boutique.
 17675 | Orc:2    | Bought a potion of invisibility for 80 gold pieces
 17715 | Orc:2    | Found a staircase to the Elven Halls.
 17758 | Orc:2    | Found Siutecw's Weapon Shop.
 18182 | Orc:2    | Bought a ring of poison resistance for 360 gold pieces
 18182 | Orc:2    | Bought the amulet of the Four Winds {rN+ Will+++ Clar} for
                  | 1092 gold pieces
 18182 | Orc:2    | Found the amulet of the Four Winds {rN+ Will+++ Clar}
 18523 | D:11     | Found Caim's Antique Armour Shoppe.
 18553 | D:11     | Received a gift from Trog
 18702 | D:11     | Reached skill level 10 in Armour
 19360 | D:11     | Identified the +0 leather armour "Bicye" {rElec}
 19711 | D:12     | Found Liurunwe's Magic Scroll Emporium.
 19856 | D:12     | Bought a scroll of silence for 133 gold pieces
 20272 | D:13     | Found a white marble altar of Elyvilon.
 20296 | D:13     | Noticed Sonja
 20305 | D:13     | Sonja changed into Sonja the hog
 20305 | D:13     | Noticed Sonja
 20307 | D:13     | Killed Sonja the hog
 20806 | D:13     | Reached skill level 10 in Throwing
 21241 | D:13     | Found a gate to the Vaults.
 21563 | D:14     | Reached XP level 16. HP: 103/104 MP: 17/17
 22044 | D:15     | Entered Level 15 of the Dungeon
 22445 | D:15     | Noticed Azrael
 22458 | D:15     | Killed Azrael
 22460 | D:15     | Received a gift from Trog
 22921 | D:15     | Found a sparkling altar of Nemelex Xobeh.
 23257 | D:15     | Found a staircase to the Depths.
 23766 | Spider:1 | Entered Level 1 of the Spider Nest
 24054 | Spider:1 | Noticed Frances
 24063 | Spider:1 | Killed Frances
 24216 | Spider:1 | Noticed Asterion
 24233 | Spider:1 | Killed Asterion
 24238 | Spider:1 | Noticed Louise
 24249 | Spider:1 | Killed Louise
 24819 | Spider:2 | Found a glacial archway.
 24836 | IceCv    | Entered an ice cave
 25024 | IceCv    | Received a gift from Trog
 25343 | IceCv    | Reached XP level 17. HP: 93/112 MP: 18/18
 25349 | IceCv    | Noticed a shard shrike
 25353 | IceCv    | Killed a shard shrike
 25767 | Spider:2 | Identified the +3 morningstar of the Lettuce {chaos, Dex+5}
 26180 | Spider:2 | Identified the +1 robe of the Baleful God {rElec Str-3
                  | Slay+5 Stlth+}
 26251 | Spider:2 | Received a gift from Trog
 27527 | Spider:3 | Received a gift from Trog
 27726 | Spider:3 | Reached skill level 15 in Armour
 28445 | Spider:4 | Entered Level 4 of the Spider Nest
 28454 | Spider:4 | Identified the serpent talisman "Coduakit" {rC+}
 28454 | Spider:4 | Noticed Aizul
 28460 | Spider:4 | Noticed Arachne
 28565 | Spider:4 | Killed Aizul
 28566 | Spider:4 | Reached skill level 15 in Fighting
 28658 | Spider:4 | Reached XP level 18. HP: 113/119 MP: 19/19
 28695 | Spider:4 | Noticed Roxanne
 28718 | Spider:3 | Killed Arachne
 29171 | Spider:4 | Killed Roxanne
 29558 | Spider:4 | Received a gift from Trog
 29936 | Spider:4 | Got a gossamer rune of Zot
 30380 | Orc:2    | Bought an amulet of regeneration for 540 gold pieces
 30566 | Shoals:1 | Entered Level 1 of the Shoals
 30993 | Shoals:1 | Identified the +2 quarterstaff "Sarcophage" {freeze, rPois
                  | rF- Stlth+}
 31075 | Shoals:4 | Entered Level 4 of the Shoals
 31127 | Shoals:4 | Found a glowing golden altar of the Shining One.
 31294 | Shoals:4 | Got an azure gem with 1308 turns to spare
 31296 | Shoals:4 | Got a barnacled rune of Zot
 31298 | Shoals:4 | Identified the +4 whip "Gawkacok" {pain, rF+}
 31793 | Shoals:1 | Reached XP level 19. HP: 122/125 MP: 20/20
 33015 | Shoals:3 | Received a gift from Trog
 33901 | Shoals:4 | Reached skill level 10 in Dodging
 34097 | Shoals:4 | Found a glowing silver altar of Zin.
 34120 | Shoals:4 | Identified the ring of Xycest {rF+ rC+ rCorr MP+9 Dex+3}
 34280 | Shoals:4 | Found a white marble altar of Elyvilon.
 34315 | Shoals:4 | Identified the +3 battleaxe of Irritation {flame, rC+ rN+}
                  | (Trog gifted it to you on level 4 of the Shoals)
 34315 | Shoals:4 | Received a gift from Trog
 34377 | Shoals:4 | Got the Exposition on Geomancy and the Zephyr
 34379 | Shoals:4 | Identified the staff "Milite Atrej" {rPois rC+ Will- Int+6
                  | Ice Alchemy}
 34601 | Lair:3   | Upgraded the game from 0.31.0-9-g3a7656b989 to
                  | 0.31.0-10-gcf4a605ca0
 34692 | Slime:1  | Entered Level 1 of the Pits of Slime
 34803 | Slime:4  | Received a gift from Trog
 34835 | Slime:5  | Entered Level 5 of the Pits of Slime
 34920 | Slime:5  | Noticed the Royal Jelly
 34966 | Slime:5  | Reached XP level 20. HP: 95/134 MP: 21/21
 35070 | Slime:5  | Killed the Royal Jelly
 35147 | Slime:5  | Got a starry gem with 198 turns to spare
 35170 | Slime:5  | Got a slimy rune of Zot
 35230 | Slime:5  | Identified the +1 morningstar of the Feeding Lamprey
                  | {flame, Fly}
 35235 | Slime:5  | Identified the +11 shortbow of Non Obstante Veredicto
                  | {drain, rElec rPois rC+ rCorr}
 35278 | Slime:5  | Identified the +4 quarterstaff of the Coward {pain, rC++}
 35297 | Slime:5  | Identified the +10 crystal plate armour "Denoav" {rN+ rCorr
                  | SInv}
 35575 | Lair:5   | Acquired the +15 plate armour of Posorieh {rElec Int+3}
 35837 | D:4      | Fell from the grace of Trog
 35837 | D:4      | Became a worshipper of Gozag Ym Sagoz the Greedy
 36053 | Orc:2    | Learned a level 2 spell: Blink
 36064 | Elf:1    | Entered Level 1 of the Elven Halls
 36112 | Elf:1    | Reached skill level 1 in Shapeshifting
 36189 | Elf:3    | Entered Level 3 of the Elven Halls
 36218 | Elf:3    | Reached skill level 1 in Translocations
 36410 | Elf:3    | Noticed Bai Suzhen
 36422 | Elf:3    | Killed Bai Suzhen
 37053 | Elf:3    | Got a shimmering gem with 887 turns to spare
 37062 | Elf:3    | Got Sif Muna's Incunable of the Vehement Snowflakes
 37980 | Elf:2    | Reached skill level 5 in Shapeshifting
 38231 | Elf:2    | Reached XP level 21. HP: 120/141 MP: 7/22
 38350 | Elf:2    | Found a runed translucent gate.
 38350 | Elf:2    | Found a runed translucent gate.
 38367 | Elf:2    | Found a runed translucent gate.
 38932 | Elf:2    | Found Logrept's Jewellery Shoppe.
 39349 | Elf:3    | Found Kivy's Antique Weapon Emporium.
 39679 | Elf:3    | Got Sif Muna's Precepts of Position
 39684 | Elf:3    | Got the Excursus on the Transforming Autopsy
 39687 | Elf:3    | Got Amiutey's Folio of Translocational Synthesis
 41237 | Vaults:1 | Entered Level 1 of the Vaults
 41468 | Vaults:3 | Reached skill level 5 in Translocations
 41993 | Vaults:4 | Identified the +5 falchion "Wuvuocoda" {drain, rElec rC++
                  | Str-5}
 42500 | Vaults:5 | Entered Level 5 of the Vaults
 42504 | Vaults:5 | Reached XP level 22. HP: 148/148 MP: 23/23
 42550 | Vaults:5 | Noticed a dread lich
 42619 | Vaults:5 | Noticed a dread lich
 42628 | Vaults:5 | Killed a dread lich
 42812 | Vaults:5 | Reached skill level 10 in Shapeshifting
 42943 | Vaults:5 | Paralysed by Trog for 3 turns
 42980 | Vaults:5 | Killed a dread lich
 43007 | Vaults:5 | Identified the +5 cloak of the Eye-covered Wumpus {rF-
                  | Will+ rCorr Str+2}
 43024 | Vaults:5 | Identified the +5 scale mail of the End {Slay+2}
 43200 | Vaults:5 | Got the Compendium of Creative Arcane Weapons
 43560 | Vaults:5 | Got a shining gem with 1560 turns to spare
 43573 | Vaults:5 | Got a silver rune of Zot
 43633 | Vaults:5 | Got the Tome of Momentum
 43675 | Vaults:5 | Identified the +9 longbow of the Grave {flame, Will+}
 43886 | Vaults:5 | Identified the +4 morningstar "Beastslayer" {spect, ^Drain
                  | rPois Will+++ Dex+2}
 43890 | Vaults:5 | Noticed an ancient lich
 43898 | Vaults:5 | Killed an ancient lich
 44439 | Vaults:4 | Reached XP level 23. HP: 141/156 MP: 24/24
 44520 | Vaults:4 | Got Dispater's Octavo of Command and the Tundra
 45593 | Vaults:2 | Found a staircase to the Crypt.
 46090 | Vaults:2 | Identified the orb of the Mauling Gods {light, Dex+2 Tloc}
 47344 | Vaults:1 | Reached skill level 1 in Spellcasting
 47902 | Vaults:1 | Acquired a manual of Fighting
 48524 | Vaults:1 | Reached XP level 24. HP: 156/164 MP: 28/28
 50099 | Vaults:5 | Got the Quarto of Monotheism
 50217 | Vaults:5 | Identified the +2 robe of the Unicorn {Rampage rElec Int+2}
 50469 | Vaults:5 | Was forgiven by Trog
 50689 | Crypt:1  | Entered Level 1 of the Crypt
 50964 | Crypt:3  | Entered Level 3 of the Crypt
 50979 | Crypt:3  | Found the +7 sceptre of Torment {pain, torment}
 51015 | Crypt:3  | Noticed a curse toe
 51050 | Crypt:3  | Killed a curse toe
 51069 | Crypt:3  | Noticed a dread lich
 51069 | Crypt:3  | Noticed an ancient lich
 51276 | Crypt:3  | Noticed an ancient lich
 51296 | Crypt:3  | Killed an ancient lich
 51311 | Crypt:3  | Killed a dread lich
 51312 | Crypt:3  | Reached skill level 5 in Spellcasting
 51320 | Crypt:3  | Killed an ancient lich
 51330 | Crypt:3  | Got an ivory gem with 1203 turns to spare
 51333 | Crypt:3  | Identified the staff "Ruomn" {rF+ Stlth+ Fire}
 51491 | Crypt:3  | Identified the +2 shortbow of the Rattlesnake {flame,
                  | rElec}
 51493 | Crypt:3  | Identified the ring "Olih" {rPois rN++ Int+3}
 51511 | Crypt:3  | Identified the staff of Abuse {rPois rF+ Stlth+ Fire}
 51856 | Crypt:3  | Found a runed translucent door.
 51857 | Crypt:3  | Noticed Jetyrhek's ghost (veteran GrEE)
 51886 | Crypt:3  | Killed Jetyrhek's ghost
 52232 | Crypt:3  | Found a staircase to the Tomb.
 52963 | Crypt:2  | Reached skill level 15 in Shapeshifting
 53598 | Crypt:1  | Identified the orb "Ygyeg" {*channel, *Slow rF+++ rN+
                  | Str+3}
 53598 | Crypt:1  | Noticed Frederick
 53610 | Crypt:1  | Killed Frederick
 53702 | Crypt:1  | Paralysed by a vampire knight for 2 turns
 54205 | Crypt:1  | Reached XP level 25. HP: 168/173 MP: 33/33
 54561 | Crypt:1  | Noticed a royal mummy
 54569 | Crypt:1  | Identified the ring "Yvoum" {Ice rElec Dex+2 Slay+2}
 54570 | Crypt:1  | Noticed Josephina
 54571 | Crypt:1  | Noticed a royal mummy
 54573 | Crypt:1  | Noticed Khufu
 54803 | Crypt:1  | Killed Josephina
 54994 | Crypt:1  | Killed Khufu
 55165 | Crypt:1  | Killed a royal mummy
 55187 | Crypt:1  | Killed a royal mummy
 55401 | Crypt:1  | Found an ancient bone altar of Kikubaaqudgha.
 55879 | D:15     | Learned a level 8 spell: Maxwell's Capacitive Coupling
 55880 | Depths:1 | Entered Level 1 of the Depths
 56046 | Depths:2 | Found an opulent altar of Gozag.
 56177 | Depths:3 | Found a gateway to Hell.
 56635 | Depths:4 | Entered Level 4 of the Depths
 56970 | Depths:4 | Found a gate to the Realm of Zot.
 56975 | Depths:4 | Got a midnight gem with 1967 turns to spare
 57884 | Depths:4 | Found a one-way gate to the infinite horrors of the Abyss.
 57946 | Depths:4 | Found a blossoming altar of Fedhas.
 58366 | Depths:3 | You are sucked into a shaft and drop 1 floor!
 58948 | Depths:3 | Found a one-way gate leading to the halls of Pandemonium.
 59244 | Depths:2 | Identified the orb of Lachrymose the Good {guile, Dex+4}
 59259 | Depths:2 | Reached XP level 26. HP: 184/184 MP: 33/33
 59569 | Depths:2 | Found an ancient bone altar of Kikubaaqudgha.
 60171 | Depths:2 | Found a transporter.
 60188 | Depths:2 | Found a transporter.
 60230 | Depths:2 | Found a transporter.
 60250 | Depths:2 | Found a transporter.
 60754 | Depths:2 | Identified the +0 halberd "Neguys" {flame, *Noise rN+
                  | Will+++}
 61111 | Depths:1 | Identified the +3 scale mail "Gytulo Ypai" {Str+3 Stlth+}
 61261 | Depths:1 | Found a one-way gateway to a ziggurat.
 61549 | Depths:1 | Found a runed translucent gate.
 61550 | Depths:1 | Found a runed translucent gate.
 61552 | Depths:1 | Found a runed translucent gate.
 61554 | Depths:1 | Noticed Gucom's ghost (veteran GnFi)
 61554 | Depths:1 | Noticed Hijoso's ghost (veteran GnWn)
 61554 | Depths:1 | Noticed Gemnonof's ghost (adept DgCj)
 61919 | Depths:1 | Killed Gemnonof's ghost
 61926 | Depths:1 | Killed Gucom's ghost
 61929 | Depths:1 | Killed Hijoso's ghost
 61955 | Depths:1 | Acquired 333 gold pieces
 62062 | Depths:3 | Voluntarily entered the Abyss.
 62068 | Abyss:1  | Found a corrupted altar of Lugonu.
 62107 | Abyss:2  | Found a corrupted altar of Lugonu.
 62230 | Abyss:2  | Found a corrupted altar of Lugonu.
 62238 | Abyss:2  | Found a corrupted altar of Lugonu.
 62248 | Abyss:2  | Found a corrupted altar of Lugonu.
 62255 | Abyss:2  | Found a corrupted altar of Lugonu.
 62255 | Abyss:2  | Found a corrupted altar of Lugonu.
 62258 | Abyss:2  | Found a corrupted altar of Lugonu.
 62349 | Abyss:2  | Learned a level 1 spell: Apportation
 62394 | Depths:3 | Escaped the Abyss
 62397 | Depths:3 | Voluntarily entered the Abyss.
 62895 | Abyss:2  | Noticed a dread lich
 62907 | Abyss:2  | Killed a dread lich
 63142 | Abyss:3  | Reached XP level 27. HP: 174/190 MP: 33/33
 63287 | Abyss:4  | Found a corrupted altar of Lugonu.
 63415 | Abyss:4  | Noticed an ancient lich
 63440 | Abyss:4  | Killed an ancient lich
 63452 | Abyss:4  | Found an iron altar of Okawaru.
 63571 | Depths:3 | Escaped the Abyss
 63669 | Depths:3 | Voluntarily entered the Abyss.
 63669 | Abyss:4  | Found a transporter.
 63669 | Abyss:4  | Found a corrupted altar of Lugonu.
 63677 | Abyss:4  | Found a transporter.
 63772 | Abyss:4  | Found a corrupted altar of Lugonu.
 63779 | Abyss:4  | Identified the ring "Patagi" {rN+ EV+5 Dex+2 SInv Stlth-}
 63786 | Abyss:4  | Found a transporter.
 63873 | Abyss:4  | Found a transporter.
 63896 | Abyss:4  | Found a transporter.
 63976 | Abyss:4  | Found a transporter.
 63982 | Abyss:4  | Found a transporter.
 64059 | Abyss:4  | Found a transporter.
 64079 | Abyss:4  | Found a corrupted altar of Lugonu.
 64203 | Abyss:4  | HP: 4/190 [balrug/+1 demon whip of venom (7)]
 64206 | Abyss:4  | Paralysed by accursed screaming for 1 turns
 64321 | Abyss:4  | Found a corrupted altar of Lugonu.
 64632 | Abyss:4  | Found a corrupted altar of Lugonu.
 64635 | Abyss:4  | Found a corrupted altar of Lugonu.
 64666 | Abyss:4  | Got an abyssal rune of Zot
 64682 | Depths:3 | Escaped the Abyss
 64740 | Hell     | Entered the Vestibule of Hell
 64740 | Hell     | Noticed Geryon
 65263 | Hell     | Killed Geryon
 65459 | Hell     | Reached skill level 1 in Air Magic
 65665 | Hell     | Found a gateway to the freezing wastes of Cocytus.
 65802 | Hell     | Found a gateway to the Iron City of Dis.
 65900 | Hell     | Found a gateway to the ashen valley of Gehenna.
 65990 | Hell     | Found a gateway to the decaying netherworld of Tartarus.
 66042 | Hell     | Learned a level 3 spell: Swiftness
 66202 | Zot:1    | Entered Level 1 of the Realm of Zot
 66209 | Zot:1    | Reached skill level 5 in Air Magic
 66499 | Zot:3    | Noticed an orb of fire
 66517 | Zot:3    | Killed an orb of fire
 66610 | Zot:4    | Reached skill level 10 in Air Magic
 66634 | Zot:5    | Entered Level 5 of the Realm of Zot
 66756 | Zot:5    | Got a prismatic gem with 496 turns to spare
 66852 | Zot:5    | Noticed a dread lich
 66869 | Zot:5    | Noticed an orb of fire
 66873 | Zot:5    | Noticed a dread lich
 66876 | Zot:5    | Noticed an orb of fire
 66877 | Zot:5    | Noticed an orb of fire
 66882 | Zot:5    | Killed a dread lich
 66995 | Zot:5    | Killed an orb of fire
 67078 | Zot:5    | Noticed a dread lich
 67089 | Zot:5    | Killed a dread lich
 67121 | Zot:5    | Noticed an orb of fire
 67137 | Zot:5    | Killed an orb of fire
 67345 | Zot:5    | Noticed a dread lich
 67353 | Zot:5    | Killed a dread lich
 67384 | Zot:5    | Noticed an ancient lich
 67384 | Zot:5    | Noticed an orb of fire
 67410 | Zot:5    | Noticed an orb of fire
 67413 | Zot:5    | Identified the +7 shortbow of the Battered Stars {flame,
                  | Str+4}
 67414 | Zot:5    | Killed an orb of fire
 67415 | Zot:5    | Reached skill level 15 in Air Magic
 67415 | Zot:5    | Killed an ancient lich
 67416 | Zot:5    | Reached skill level 10 in Spellcasting
 67422 | Zot:5    | Noticed a dread lich
 67432 | Zot:5    | Killed an orb of fire
 67447 | Zot:5    | Killed a dread lich
 67495 | Zot:5    | Killed an orb of fire
 69102 | Zot:3    | Identified the +4 plate armour of the Chupacabra {rF+ rN+
                  | Str+2}
 69380 | Zot:3    | Noticed Vv
 69408 | Zot:3    | Killed Vv
 70386 | Zot:2    | Identified the +5 broad axe of Fexkaqa {venom, *Rage rElec
                  | rPois Dex+3}
 71618 | Zot:1    | Noticed an orb of fire
 71866 | Zot:1    | Noticed an orb of fire
 71882 | Zot:1    | Killed an orb of fire
 71942 | Zot:1    | HP: 6/190 [orb of fire/fireball (25)]
 72787 | Zot:1    | Killed an orb of fire
 75104 | D:9      | Gained mutation: You are agile. (Dex +4, Str/Int -1)
                  | [potion of mutation]
 75104 | D:9      | Gained mutation: You expend magic power (3 MP) to
                  | strengthen your wands. [potion of mutation]
 75105 | D:9      | Lost mutation: You are agile. (Dex +4, Str/Int -1) [potion
                  | of mutation]
 75105 | D:9      | Lost mutation: You expend magic power (3 MP) to strengthen
                  | your wands. [potion of mutation]
 75105 | D:9      | Gained mutation: You are weak. (Str -2) [potion of
                  | mutation]
 75105 | D:9      | Gained mutation: Your system is resistant to poisons.
                  | (rPois) [potion of mutation]
 75106 | D:9      | Lost mutation: Your system is resistant to poisons. (rPois)
                  | [potion of mutation]
 75106 | D:9      | Lost mutation: You are weak. (Str -2) [potion of mutation]
 75106 | D:9      | Gained mutation: Your magical capacity is low. (-10% MP)
                  | [potion of mutation]
 75106 | D:9      | Gained mutation: You are clumsy. (Dex -2) [potion of
                  | mutation]
 75107 | D:9      | Lost mutation: Your magical capacity is low. (-10% MP)
                  | [potion of mutation]
 75107 | D:9      | Lost mutation: You are clumsy. (Dex -2) [potion of
                  | mutation]
 75107 | D:9      | Gained mutation: Your muscles are strong. (Str +4, Int/Dex
                  | -1) [potion of mutation]
 75108 | D:9      | Lost mutation: Your muscles are strong. (Str +4, Int/Dex
                  | -1) [potion of mutation]
 75108 | D:9      | Gained mutation: Your body sometimes deteriorates upon
                  | taking damage. [potion of mutation]
 75108 | D:9      | Gained mutation: You passively map a small area around you.
                  | [potion of mutation]
 75109 | D:9      | Lost mutation: You passively map a small area around you.
                  | [potion of mutation]
 75109 | D:9      | Lost mutation: Your body sometimes deteriorates upon taking
                  | damage. [potion of mutation]
 75109 | D:9      | Gained mutation: You are robust. (+10% HP) [potion of
                  | mutation]
 75109 | D:9      | Gained mutation: Your health recovers twice as slowly from
                  | being drained. [potion of mutation]
 75109 | D:9      | Gained mutation: Your flesh is cold resistant. (rC+)
                  | [potion of mutation]
 75110 | D:9      | Lost mutation: Your flesh is cold resistant. (rC+) [potion
                  | of mutation]
 75110 | D:9      | Lost mutation: You are robust. (+10% HP) [potion of
                  | mutation]
 75110 | D:9      | Gained mutation: You have an increased reservoir of magic.
                  | (+10% MP) [potion of mutation]
 75110 | D:9      | Gained mutation: You are robust. (+10% HP) [potion of
                  | mutation]
 75110 | D:9      | Gained mutation: You passively map a small area around you.
                  | [potion of mutation]
 75231 | Orc:2    | Bought a potion of mutation for 80 gold pieces
 75231 | Orc:2    | Bought a potion of mutation for 80 gold pieces
 75231 | Orc:2    | Lost mutation: You are robust. (+10% HP) [potion of
                  | mutation]
 75231 | Orc:2    | Lost mutation: You have an increased reservoir of magic.
                  | (+10% MP) [potion of mutation]
 75231 | Orc:2    | Gained mutation: You are covered in fur. (AC +1) [potion of
                  | mutation]
 75231 | Orc:2    | Gained mutation: You are somewhat resistant to further
                  | mutation. [potion of mutation]
 75232 | Orc:2    | Lost mutation: Your health recovers twice as slowly from
                  | being drained. [potion of mutation]
 75232 | Orc:2    | Lost mutation: You passively map a small area around you.
                  | [potion of mutation]
 75573 | Pan      | Entered Pandemonium
 75619 | Pan      | Learned a level 9 spell: Chain Lightning
 75663 | Pan      | Got the Precepts of Nonlocality
 75691 | Pan      | Reached skill level 1 in Conjurations
 75830 | Pan      | Entered the realm of Cerebov.
 76073 | Pan      | Learned a level 4 spell: Vhi's Electric Charge
 76557 | Pan      | Reached skill level 5 in Conjurations
 76897 | Pan      | Identified the +2 pair of boots of Hepliaklqana, Loving
                  | {-Cast rElec rF+ rC++}
 76910 | Pan      | Got the Notes on the Snowflakes
 76914 | Pan      | Identified the staff of Geris {rPois Dex+2 Ice Alchemy}
 76915 | Pan      | Identified the +2 leather armour "Goferoy" {+Inv rN+ Dex+3}
 76927 | Pan      | Found the +6 sword of Cerebov {flame}
 76927 | Pan      | Noticed Cerebov
 76940 | Pan      | Identified the +5 scimitar "Taen" {elec, rC+ Will+ Str-3}
 77317 | Pan      | Killed Cerebov
 77409 | Pan      | Identified the +3 broad axe of the Lame Duck {protect,
                  | Int+6}
 77437 | Pan      | Got Dieghilu's Quarto of Fascination and Conjuring
 77480 | Pan      | Got a fiery rune of Zot
 77537 | Pan      | Identified the staff "Irchitygo" {rPois rF+++ Str-4 Int+4
                  | Earth}
 77780 | Pan      | Found a white marble altar of Elyvilon.
 78492 | Pan      | Reached skill level 10 in Conjurations
 79048 | Pan      | Identified the +5 buckler of the Onion {rC++ MP+9}
 79094 | Pan      | Identified the +3 tower shield of Incorporation {rElec rC+
                  | Will+}
 79429 | Pan      | Found a glowing silver altar of Zin.
 79450 | Pan      | Identified the +12 tower shield "Mean" {rC+++}
 79574 | Pan      | Identified the +2 tower shield of Restlessness {rC+ Regen+
                  | Int-3}
 79822 | Pan      | Identified the +3 ring mail of Fortification {Slay+2}
 79822 | Pan      | Identified the ring of Taxeril {rC++ rN+ Str-4}
 79911 | Pan      | Noticed a seraph
 79923 | Pan      | Killed a seraph
 79993 | Pan      | Found a glowing golden altar of the Shining One.
 80002 | Pan      | Got the Book of Relocation and Jinxing
 80007 | Pan      | Identified the +5 trident of Yvuckik {venom, rCorr}
 80010 | Pan      | Got a demonic rune of Zot
 80017 | Pan      | Identified the +1 flail "Fuzene" {spect, Str+7}
 80842 | Depths:2 | Escaped Pandemonium
 80849 | Depths:2 | Upgraded the game from 0.31.0-10-gcf4a605ca0 to
                  | 0.31.0-11-ge490571c62
 80859 | Pan      | Entered Pandemonium
 80911 | Pan      | Entered the realm of Lom Lobon.
 80922 | Pan      | Reached skill level 10 in Evocations
 81344 | Pan      | Reached skill level 15 in Spellcasting
 81928 | Pan      | Reached skill level 15 in Conjurations
 82084 | Pan      | Noticed Lom Lobon
 82101 | Pan      | Killed Lom Lobon
 82224 | Pan      | Got a magical rune of Zot
 82378 | Pan      | Noticed Seaciy the pandemonium lord
 82421 | Pan      | Killed Seaciy the pandemonium lord
 82516 | Pan      | Entered the realm of Mnoleg.
 82517 | Pan      | Noticed Mnoleg
 82545 | Pan      | Killed Mnoleg
 83258 | Pan      | Got the Handbook of Turbulence
 83264 | Pan      | Learned a level 4 spell: Airstrike
 83800 | Pan      | Got a glowing rune of Zot
 84173 | Pan      | Entered the realm of Gloorx Vloq.
 84292 | Pan      | Found an exit through the horrors of the Abyss.
 84361 | Pan      | Identified the +3 leather armour "Notesad" {Str+2 Int+4}
 84651 | Pan      | Noticed Gloorx Vloq
 84676 | Pan      | Killed Gloorx Vloq
 84835 | Pan      | Got a dark rune of Zot
 85762 | Pan      | Noticed Faetopym the pandemonium lord
 85779 | Pan      | Killed Faetopym the pandemonium lord
 86436 | Pan      | Identified the +1 morningstar "Ylec" {antimagic, *Rage rN+
                  | Int+2}
 86447 | Pan      | Noticed Num Lyes the pandemonium lord
 86464 | Pan      | Killed Num Lyes the pandemonium lord
 87535 | Depths:2 | Escaped Pandemonium
 87546 | Depths:2 | Learned a level 9 spell: Polar Vortex
 87641 | Coc:1    | Entered Level 1 of Cocytus
 88191 | Coc:3    | Reached skill level 1 in Ice Magic
 88528 | Coc:4    | Paralysed by a wendigo for 1 turns
 88919 | Coc:5    | Reached skill level 5 in Ice Magic
 88927 | Coc:5    | Paralysed by a wendigo for 1 turns
 89551 | Coc:7    | Entered Level 7 of Cocytus
 90282 | Coc:7    | Got Sif Muna's Lessons on Fuming Blows
 90518 | Coc:7    | Identified the +5 great sword of the Teaching Scavenger
                  | {flame, Dex+3}
 90519 | Coc:7    | Identified the staff of Distraction {Int+2 Dex-3 SInv Conj
                  | Ice}
 90609 | Coc:7    | Identified the +9 quarterstaff of Utaipt {elec, Str+4 Dex-5
                  | SInv Stlth+}
 90609 | Coc:7    | Noticed Antaeus
 90633 | Coc:7    | Killed Antaeus
 90637 | Coc:7    | Noticed the Serpent of Hell
 90643 | Coc:7    | Killed the Serpent of Hell
 90703 | Coc:7    | Learned a level 9 spell: Shatter
 90708 | Coc:7    | Got an icy rune of Zot
 90752 | Coc:7    | Learned a level 9 spell: Fire Storm
 90932 | Coc:7    | Paralysed by a wendigo for 1 turns
 90949 | Coc:7    | Reached skill level 1 in Fire Magic
 91620 | D:12     | Bought a scroll of enchant armour for 105 gold pieces
 91890 | Tar:1    | Entered Level 1 of Tartarus
 92346 | Tar:2    | Reached skill level 5 in Fire Magic
 92611 | Tar:3    | You are sucked into a shaft and drop 3 floors!
 92826 | Tar:7    | Entered Level 7 of Tartarus
 93580 | Tar:7    | Noticed Ereshkigal
 93600 | Tar:7    | Killed Ereshkigal
 93695 | Tar:7    | Reached skill level 15 in Throwing
 93719 | Tar:7    | Got a bone rune of Zot
 95712 | Tar:7    | Identified the +5 shortbow "Roitaar" {antimagic, rElec
                  | Str+3 Int+3}
 95879 | Tar:7    | Identified the staff "Nekestrigg" {MP+9 Conj}
 95900 | Tar:7    | Identified the +3 morningstar "Piod" {heavy, rElec Will+++
                  | Str+4}
 95903 | Tar:7    | Identified the +7 falchion "Zieteos" {freeze, *Rage rElec
                  | Dex+6 SInv}
 95916 | Tar:7    | Got the Lessons on Blasted Hermetica
 95999 | Tar:7    | Identified the quicksilver dragon scales of Immorality
                  | {rF++ Will+ Int-5}
 96008 | Tar:7    | Got the Octavo of Firn
 96287 | Geh:1    | Entered Level 1 of Gehenna
 96300 | Geh:1    | Noticed an ancient lich
 96314 | Geh:1    | Killed an ancient lich
 96357 | Geh:1    | Found a huge runed translucent gate.
 96357 | Geh:1    | Found a huge runed translucent gate.
 96357 | Geh:1    | Found a huge runed translucent gate.
 96357 | Geh:1    | Found a huge runed translucent gate.
 96357 | Geh:1    | Found a huge runed translucent gate.
 96357 | Geh:1    | Found a huge runed translucent gate.
 96357 | Geh:1    | Found a huge runed translucent gate.
 96357 | Geh:1    | Found a huge runed translucent gate.
 96357 | Geh:1    | Found a huge runed translucent gate.
 96359 | Geh:1    | Found a huge runed translucent gate.
 96359 | Geh:1    | Found a huge runed translucent gate.
 96359 | Geh:1    | Found a huge runed translucent gate.
 96360 | Geh:1    | Found a huge runed translucent gate.
 96361 | Geh:1    | Found a huge runed translucent gate.
 96363 | Geh:1    | Found a huge runed translucent gate.
 96410 | Geh:1    | Found a huge runed translucent gate.
 96410 | Geh:1    | Found a huge runed translucent gate.
 96424 | Geh:1    | Found a huge runed translucent gate.
 96582 | Geh:1    | Found a huge runed translucent gate.
 96582 | Geh:1    | Found a huge runed translucent gate.
 96582 | Geh:1    | Found a huge runed translucent gate.
 96583 | Geh:1    | Found a huge runed translucent gate.
 96584 | Geh:1    | Found a huge runed translucent gate.
 96584 | Geh:1    | Found a huge runed translucent gate.
 96588 | Geh:1    | Found a huge runed translucent gate.
 96589 | Geh:1    | Found a huge runed translucent gate.
 96589 | Geh:1    | Found a huge runed translucent gate.
 96686 | Geh:1    | Found a huge runed translucent gate.
 96688 | Geh:1    | Found a huge runed translucent gate.
 96689 | Geh:1    | Found a huge runed translucent gate.
 96690 | Geh:1    | Found a huge runed translucent gate.
 96690 | Geh:1    | Found a huge runed translucent gate.
 96693 | Geh:1    | Found a huge runed translucent gate.
 96695 | Geh:1    | Found a huge runed translucent gate.
 96695 | Geh:1    | Found a huge runed translucent gate.
 96698 | Geh:1    | Found a huge runed translucent gate.
 97676 | Geh:4    | Noticed a dread lich
 97689 | Geh:4    | Killed a dread lich
 98592 | Geh:7    | Entered Level 7 of Gehenna
 99263 | Geh:7    | Reached skill level 10 in Fire Magic
 99993 | Geh:7    | Identified the +0 double sword of the Keeping Seeker
                  | {chaos, rF+ Stlth+}
100019 | Geh:7    | Found the +13 sceptre of Asmodeus
100019 | Geh:7    | Noticed Asmodeus
100023 | Geh:7    | Killed Asmodeus
100038 | Geh:7    | Got the Spellbook of Execration
100042 | Geh:7    | Got an obsidian rune of Zot
100164 | Geh:7    | Identified the ring "Hoicym" {rC+ rN+++ EV+5 Str+3}
100266 | Geh:7    | Identified the +7 lajatang of Kamisesu {flame, Str+2}
100978 | Orc:2    | Bought a +0 vampiric broad axe for 210 gold pieces
101377 | Zig:1    | Entered Level 1 of a ziggurat
101395 | Zig:2    | Entered Level 2 of a ziggurat
101440 | Zig:3    | Entered Level 3 of a ziggurat
101536 | Zig:4    | Entered Level 4 of a ziggurat
101587 | Zig:5    | Entered Level 5 of a ziggurat
101619 | Zig:5    | Identified the staff "Taokhlext" {rPois Int+4 Alchemy}
101630 | Zig:6    | Entered Level 6 of a ziggurat
101634 | Zig:6    | Found the +5 moon troll leather armour {Spirit, Regen++
                  | MP+5}
101677 | Zig:6    | Identified the +2 robe of Valour {rF+ Int+3 Dex+3}
101687 | Zig:6    | Got the Anthology of the Valley
101694 | Zig:7    | Entered Level 7 of a ziggurat
101742 | Zig:7    | Got Ituboce's Meditations on Fetching Venin
101751 | Zig:7    | Identified the ring of Oguipt {Wiz Str+2}
101754 | Zig:7    | Identified the staff "Rummage" {rPois rF+ Alchemy}
101761 | Zig:8    | Entered Level 8 of a ziggurat
101880 | Zig:8    | Identified the +5 orcbow "Sevi" {antimagic, rElec Will++
                  | Int+3 Stlth-}
101904 | Zig:9    | Entered Level 9 of a ziggurat
101972 | Zig:9    | Got Veilyri's Cyclopedia of Metamorphic Algor
102035 | Zig:10   | Entered Level 10 of a ziggurat
102044 | Zig:10   | Noticed a juggernaut
102045 | Zig:10   | Noticed a juggernaut
102045 | Zig:10   | Noticed a juggernaut
102048 | Zig:10   | Killed a juggernaut
102049 | Zig:10   | Killed a juggernaut
102058 | Zig:10   | Killed a juggernaut
102210 | Zig:10   | Identified the +8 shortbow "Adwuphocs" {drain, Str+6 Dex-3}
102234 | Zig:10   | Identified the +2 robe of the Shrike {Harm rF+++ rC- Int-2}
102237 | Zig:10   | Identified the +7 glaive "Qioth" {speed, rC++ rCorr Dex-3
                  | Stlth+}
102288 | Zig:10   | Reached skill level 15 in Fire Magic
102289 | Zig:10   | Lost mutation: You are covered in fur. (AC +1) [potion of
                  | mutation]
102289 | Zig:10   | Lost mutation: You are somewhat resistant to further
                  | mutation. [potion of mutation]
102289 | Zig:10   | Gained mutation: You occasionally lose the ability to drink
                  | potions when taking damage. [potion of mutation]
102289 | Zig:10   | Gained mutation: You are partially covered in iridescent
                  | scales. (AC +2) [potion of mutation]
102289 | Zig:10   | Gained mutation: You are somewhat resistant to further
                  | mutation. [potion of mutation]
102290 | Zig:10   | Lost mutation: You occasionally lose the ability to drink
                  | potions when taking damage. [potion of mutation]
102290 | Zig:10   | Lost mutation: You are somewhat resistant to further
                  | mutation. [potion of mutation]
102290 | Zig:10   | Gained mutation: You are occasionally teleported next to
                  | monsters. [potion of mutation]
102290 | Zig:10   | Gained mutation: You are frail. (-10% HP) [potion of
                  | mutation]
102291 | Zig:10   | Lost mutation: You are frail. (-10% HP) [potion of
                  | mutation]
102291 | Zig:10   | Lost mutation: You are occasionally teleported next to
                  | monsters. [potion of mutation]
102291 | Zig:10   | Lost mutation: You are partially covered in iridescent
                  | scales. (AC +2) [potion of mutation]
102291 | Zig:10   | Gained mutation: You sometimes lose your temper in combat.
                  | [potion of mutation]
102291 | Zig:10   | Gained mutation: You have hidden genetic potential. [potion
                  | of mutation]
102292 | Zig:10   | Lost mutation: You have hidden genetic potential. [potion
                  | of mutation]
102292 | Zig:10   | Lost mutation: You sometimes lose your temper in combat.
                  | [potion of mutation]
102292 | Zig:10   | Gained mutation: You are partially covered in iridescent
                  | scales. (AC +2) [potion of mutation]
102292 | Zig:10   | Gained mutation: You possess an exceptional clarity of
                  | mind. [potion of mutation]
102299 | Zig:11   | Entered Level 11 of a ziggurat
102486 | Zig:11   | Identified the +0 chain mail "Zogyim" {+Inv Int+2}
102489 | Zig:11   | Identified the +1 orcbow of the Well-Known Ghosts {flame,
                  | Int+3}
102491 | Zig:11   | Identified the +7 short sword of Ramimer {drain, *Slow
                  | +Blink rPois Dex+2}
102529 | Zig:12   | Entered Level 12 of a ziggurat
102542 | Zig:12   | Noticed Sutwair the pandemonium lord
102555 | Zig:12   | Killed Sutwair the pandemonium lord
102687 | Zig:12   | Identified the +7 spear "Hydraslayer" {freeze, *Noise Will+
                  | Str-5 Dex+5}
102688 | Zig:12   | Identified the +9 great mace "Xuna" {flame, rPois Dex+3
                  | Stlth+}
102729 | Zig:13   | Entered Level 13 of a ziggurat
102918 | Zig:13   | Identified the staff of Pestilence {rPois rF++ rC- Str+2
                  | Tloc Alchemy}
102922 | Zig:13   | Identified the +7 halberd "Muthu" {flame, Will++ Str-4
                  | Dex+4}
102957 | Zig:14   | Entered Level 14 of a ziggurat
103136 | Zig:14   | Identified the +5 orcbow of Destruction {heavy, rPois rC-
                  | Str+2 Int+3}
103139 | Zig:14   | Identified the staff of Symmetry {rF+ Fire Ice Alchemy}
103216 | Zig:15   | Entered Level 15 of a ziggurat
103459 | Zig:15   | Got the Precepts of the Terrestrial Voyage
103469 | Zig:15   | Learned a level 8 spell: Ignition
103559 | Zig:16   | Entered Level 16 of a ziggurat
103928 | Zig:16   | Identified the +8 quick blade of the Shark {heavy, Str+3
                  | Dex+2}
103946 | Zig:16   | Identified the +2 pair of gloves of the Hippo {rF+ Dex+4}
104007 | Zig:17   | Entered Level 17 of a ziggurat
104145 | Zig:17   | Identified the +10 war axe of the Pit {heavy, rElec rF++
                  | Dex-3}
104146 | Zig:17   | Identified the staff "Ceged" {Fly Earth}
104153 | Zig:17   | Identified the +3 morningstar of Truncation {freeze, +Blink
                  | rPois Int+9 Dex-5}
104164 | Zig:17   | Got the Catalogue of Generative Fulmination
104167 | Zig:17   | Got Jaoren's Book of Points and Support
104214 | Zig:18   | Entered Level 18 of a ziggurat
104225 | Zig:18   | Noticed an ancient lich
104228 | Zig:18   | Noticed an ancient lich
104228 | Zig:18   | Noticed an ancient lich
104229 | Zig:18   | Noticed an ancient lich
104230 | Zig:18   | Noticed a dread lich
104230 | Zig:18   | Noticed a dread lich
104231 | Zig:18   | Found the +11 plutonium sword {^Contam Stlth-}
104232 | Zig:18   | Killed from afar by an ancient lich

Illustrated notes

Levels and vault maps discovered:
D:1:      dpeg_arrival_morbid_curiosity, layout_rooms, minmay_door_square
D:2:      layout_loops_ring
D:3:      corexii_shack_village, layout_basic, uniq_ijyb
D:4:      layout_loops_ring, chequers_temple_overflow_statue_of_worship,
          lemuel_tele_altar, nicolae_uskayaw_dance_hall, portal_sewer_entry_b,
          gammafunk_ghost_cemetery, grunt_decor_cap
D:5:      kennysheep_steamy, layout_loops_cross
D:6:      layout_loops_corners, nicolae_dithmenos_through_a_glass_darkly,
          lightli_ossuary_entry_decrepit_ruins
D:7:      layout_loops_cross, hangedman_ru_absence, lemuel_temple_firewalk_a,
          lightli_orcish_oven, uniq_pikel
D:8:      layout_rooms, old_standard_altar, uniq_amaemon
D:9:      layout_basic, hellmonk_sif_muna_bookshelves, lair_entry_dummy,
          uniq_gastronok
D:10:     layout_rooms, kennysheep_orc_monster_closet_entryway
D:11:     minmay_weird_star, layout_stronghold, serial_shops,
          nicolae_take_the_stairs
D:12:     layout_small_grid, serial_shops, shop, minmay_beelzebubs_servants
D:13:     layout_loops_ring, hellmonk_vaults_keyhole, elyvilon_altar_5,
          uniq_sonja
D:14:     layout_cave_pools, serial_park_paths [serial_park_minivault_5x5_2]
D:15:     grunt_enter_depths_snipers, layout_basic, nemelex_spade_bored_becter,
          nicolae_wand_duel, uniq_azrael
Temple:   hc_temple_tempest_star
Lair:1:   layout_hall_layers, serial_bayou_crossing
Lair:2:   layout_cave_pods, beast_lair_carwin_9, lemuel_fruit_fields, uniq_erica
Lair:3:   layout_roguey [special_room_bee], shoals_dummy_entry,
          spider_nest_entry_webs, minmay_holes, grunt_forest_stairs_clearing,
          serial_bayou_shore_a, uniq_nessos, uniq_nergalle
Lair:4:   layout_big_grid, uniq_urug
Lair:5:   guppyfry_lair_end_dragon, layout_big_grid,
          hangedman_lair_tendril_chambers, slime_entry_1, lemuel_centaur_altar,
          serial_bayou_shore_b
Shoals:1: layout_shoals, nicolae_shoals_lost_giant_amphitheater,
          nicolae_shoals_secluded_bog
Shoals:2: layout_shoals, nicolae_shoals_drake_roost
Shoals:3: layout_shoals
Shoals:4: shoals_end_hellmonk_holy_island
Spider:1: layout_spider_delve, hangedman_spider_tarantella_strand, uniq_louise,
          uniq_asterion, uniq_frances
Spider:2: layout_spider_delve, portal_ice_cave_entry_pillars_1,
          hellmonk_motheaten_closet
Spider:3: layout_spider_delve, nicolae_crawler_farm
Spider:4: guppyfry_spider_rune, uniq_arachne, uniq_roxanne, uniq_aizul
Slime:1:  layout_caves
Slime:2:  layout_caves
Slime:3:  layout_caves
Slime:4:  layout_caves, cheibrodos_slime_lost_civilization_4
Slime:5:  slime_pit_nicolae_trefoil
Orc:1:    emtedronai_trogs_sanctum, layout_caves, uniq_harold
Orc:2:    st_orc_elflike, layout_diamond_mine, serial_shops, shop
Elf:1:    layout_onion_city, kennysheep_underground_church, grunt_ministairs_2
Elf:2:    nicolae_elf_blades_crystal_corner, layout_geoelf_grid, serial_shops,
          nicolae_shop_advertising_works [nicolae_subvault_shop_adworks],
          glass_columns_a, mumra_transporter_accident
Elf:3:    minmay_elf_hall_furrowed, layout_gridlike, serial_shops,
          nicolae_shop_dealshenge, uniq_bai_suzhen
Vaults:1: nicolae_vaults_variable_pillar_hall,
          nicolae_vaults_trapezoid_lopsided_3, v_misc_29,
          nicolae_vaults_hallways_thing, nicolae_vaults_border_crossing,
          vaults_room_glass_cross, ontoclasm_vaults_gateway,
          vaults_standard_mumra_lines, nicolae_vaults_three_branches,
          nicolae_vaults_closet_pinwheel_6, nicolae_vaults_house_1,
          layout_vaults_quadrants
Vaults:2: nicolae_vaults_trapezoid_layered, minmay_crypt_entry_simple_plaza,
          nicolae_vaults_stepped_doors, v_misc_10, ontoclasm_vaults_tryst,
          v_misc_29, nicolae_vaults_trapezoid_layered,
          nicolae_vaults_yaktaur_gun_rack,
          nicolae_vaults_antechamber_and_loot_room, nicolae_vaults_diamond_2,
          nicolae_vaults_trapezoid_layered, v_misc_10,
          nicolae_vaults_trapezoid_lopsided_2, nicolae_vaults_trapezoid_layered,
          nicolae_vaults_shrinking_rooms_1, v_misc_16, layout_vaults_omnibox
Vaults:3: nicolae_vaults_network_s, nicolae_vaults_frosty_reception,
          nicolae_vaults_sealed_display, nicolae_vaults_trapezoid_lopsided_3,
          v_misc_28, nicolae_vaults_house_3, nicolae_vaults_alarming,
          layout_vaults_chaotic_city
Vaults:4: nicolae_vaults_inception_scallops, nicolae_vaults_network_quinsquares
          [nicolae_vaults_network_quincunx_subvault,
          nicolae_vaults_network_quincunx_subvault,
          nicolae_vaults_network_quincunx_subvault,
          nicolae_vaults_network_quincunx_subvault], v_misc_4,
          nicolae_vaults_house_3, nicolae_vaults_shipping_containers_1,
          v_misc_9, nicolae_vaults_weapon_check,
          nicolae_vaults_storage_closets_3, nicolae_vaults_trapezoid_lopsided_3,
          vaults_room_door_ring, v_misc_29, nicolae_vaults_specimen_jars,
          nicolae_vaults_swerve, nicolae_vaults_apartment_2,
          vaults_room_stairs_pillars, layout_vaults_maze
Vaults:5
Crypt:1:  layout_misc_corridors, nicolae_crypt_vampire_mansion, uniq_frederick,
          uniq_josephina, uniq_khufu
Crypt:2:  layout_catacombs, roderic_lattice_octagonal_star
Crypt:3:  david_glass_crypt, layout_misc_corridors,
          nicolae_tomb_entry_grand_gallery, gammafunk_ghost_grave
Depths:1: layout_gridlike, enter_ziggurat_d, gammafunk_ghost_cemetery,
          columned_hall_lemuel, hell_entry, minmay_three_doors
Depths:2: evilmike_negative_zone, layout_cave_pools, grunt_hell_horde,
          rand_demon_pan_entry_1, grunt_gozag_statues, st_stairs_14,
          nicolae_transporter_intersection
Depths:3: dreamdust_cat_pyramid, layout_gridville, grunt_pan_entry_in_and_out,
          grunt_hell_entry_dis_mu, abyss_entry_crystal,
          nicolae_concentric_dashed_squares_mild, minmay_misc_feat_plants,
          roderic_cross_of_infinity
Depths:4: evilmike_zot_entry_hall, layout_basic, chequers_big_river,
          minmay_room_of_horrors, hell_entry, fedhas_altar_3, uniq_parghit
Hell
Geh:1:    layout_gehenna_pools_box, not_door_vault_mu, evilmike_ambush
          [evilmike_ambush_outer_doors, evilmike_ambush_inner_basic]
Geh:2:    layout_gehenna_pools_basic
Geh:3:    layout_gehenna_pools_triple
Geh:4:    layout_gehenna_pools_basic
Geh:5:    layout_gehenna_lava_caves
Geh:6:    layout_gehenna_pools_box
Geh:7:    geh_grunt_pentagon
Coc:1:    layout_ice_bergs
Coc:2:    layout_cocytus_water_paths
Coc:3:    layout_cocytus_water_paths
Coc:4:    layout_ice_bergs
Coc:5:    layout_cocytus_delve
Coc:6:    layout_ice_bergs
Coc:7:    coc_mu
Tar:1:    nicolae_tar_intersect_combbox, layout_cathedral_of_symmetry,
          nicolae_tar_cuneiform_sun
Tar:2:    layout_honeycomb
Tar:3:    layout_catacombs, nicolae_hells_hurtin_island
Tar:6:    layout_grid_maze
Tar:7:    tar_mu [tar_mu_maze]
Zot:1:    grunt_deathspiral_small, layout_onion_interference,
          st_single_dragon_hoard_3
Zot:2:    layout_onion, st_stairs_5
Zot:3:    layout_misc_corridors, regret_index_zotdec_twisting_globes,
          hangedman_player_shredder, uniq_vv
Zot:4:    layout_concentric_octagons, regret_index_zotdec_icy_dp
Zot:5:    layout_gridlike
Zig:18

Skill      XL: |  1  2  3  4  5  6  7  8  9 10 11 12 13 14 15 16 17 18 19 20 21 22 23 24 25 26 27 |
---------------+----------------------------------------------------------------------------------+-----
Axes           | 4 5 6 7 8 9 11 13 14 16 18 19 20 22 24 | 24.0
Throwing       | 1 3 5 6 7 8 9 10 11 12 18 | 18.0
Stealth        | 1 2 3 4 5 6 |  6.0
Evocations     | 1 2 3 4 5 6 12 | 12.0
Armour         | 3 4 5 6 7 8 9 11 13 15 16 18 19 20 21 22 23 24 | 24.0
Dodging        | 3 4 5 6 7 8 9 11 12 | 12.0
Fighting       | 4 6 7 8 10 11 12 13 14 15 16 17 18 19 20 22 23 24 | 24.0
Shapeshifting  | 5 8 11 13 15 17 19 23 | 23.0
Translocations | 3 6 |  6.0
Spellcasting   | 3 6 24 | 24.0
Air Magic      | 26 | 26.0
Conjurations   | 26 | 26.0
Ice Magic      | 9 |  9.3
Fire Magic     | 24 | 24.1

Action                     |  1- 3 |  4- 6 |  7- 9 | 10-12 | 13-15 | 16-18 | 19-21 | 22-24 | 25-27 || total
---------------------------+-------+-------+-------+-------+-------+-------+-------+-------+-------++-------
  Melee: Hand axe          |    60 |       |       |       |    22 |    11 |       |       |       ||    93
         Peck              |     9 |    12 |    40 |    88 |   131 |   192 |   229 |   378 |  1682 ||  2761
         Kick              |    17 |    25 |    96 |   155 |   196 |   288 |   357 |   599 |  2625 ||  4358
         War axe           |    21 |   112 |   273 |    17 |       |       |       |       |       ||   423
         Punch             |       |     1 |     7 |       |       |       |       |       |       ||     8
         Battleaxe         |       |       |    28 |   475 |    13 |       |       |       |       ||   516
         Executioner's axe |       |       |       |       |   543 |   726 |   839 |  1130 |  5026 ||  8264
         Unarmed           |       |       |       |       |       |       |    18 |    29 |       ||    47
         Staff             |       |       |       |       |       |       |       |       |    10 ||    10
  Throw: Stone             |     5 |     3 |     9 |    10 |    43 |       |       |       |       ||    70
         Boomerang         |       |       |       |    24 |    64 |    76 |    15 |       |       ||   179
         Dart              |       |       |       |    35 |    12 |     5 |     3 |       |     4 ||    59
         Javelin           |       |       |       |       |       |       |       |    10 |   142 ||   152
         Throwing net      |       |       |       |       |       |       |       |       |     1 ||     1
   Cast: Blink             |       |       |       |       |       |       |       |     3 |     1 ||     4
         Chain Lightning   |       |       |       |       |       |       |       |       |    75 ||    75
         Vhi's Electric Ch |       |       |       |       |       |       |       |       |    48 ||    48
         Maxwell's Capacit |       |       |       |       |       |       |       |       |    14 ||    14
         Airstrike         |       |       |       |       |       |       |       |       |    13 ||    13
         Apportation       |       |       |       |       |       |       |       |       |     9 ||     9
         Ignition          |       |       |       |       |       |       |       |       |     3 ||     3
 Invoke: Berserk           |       |     3 |     8 |     9 |     5 |     9 |     3 |       |       ||    37
         Trog's Hand       |       |       |       |     5 |     2 |     2 |     4 |       |       ||    13
         Brothers in Arms  |       |       |       |       |     1 |     2 |     3 |       |       ||     6
         Potion Petition   |       |       |       |       |       |       |       |       |    59 ||    59
         Bribe Branch      |       |       |       |       |       |       |       |       |     1 ||     1
Ability: Begin Untransform |       |       |       |       |       |       |       |       |     5 ||     5
         Siphon Essence    |       |       |       |       |       |       |       |       |     4 ||     4
  Evoke: Wand              |       |       |       |     3 |    11 |     1 |     7 |     2 |    31 ||    55
         Phial of floods   |       |       |       |     1 |       |     1 |     2 |     2 |       ||     6
         Box of beasts     |       |       |       |       |     1 |       |       |       |     1 ||     2
         Phantom mirror    |       |       |       |       |       |     1 |     1 |     1 |     1 ||     4
         Lightning rod     |       |       |       |       |       |       |     9 |     4 |    22 ||    35
         Condenser vane    |       |       |       |       |       |       |     2 |       |     1 ||     3
    Use: Scroll            |     6 |     2 |     6 |     8 |     8 |     3 |    13 |     9 |    33 ||    88
         Potion            |       |     1 |       |     1 |     3 |       |    20 |    13 |    33 ||    71
   Stab: Sleeping          |     2 |       |       |       |       |       |       |       |       ||     2
         Distracted        |       |       |       |       |     6 |    13 |    19 |    27 |   191 ||   256
         Invisible         |       |       |       |       |       |       |       |       |    27 ||    27
         Held in net/web   |       |       |       |       |       |       |       |       |     3 ||     3
         Paralysed         |       |       |       |       |       |       |       |       |     1 ||     1
 Armour: Animal skin       |    21 |       |       |       |       |       |       |       |       ||    21
         Leather armour    |     6 |    15 |       |       |       |       |       |       |       ||    21
         Ring mail         |       |    23 |    14 |       |       |       |       |       |       ||    37
         Scale mail        |       |       |    54 |       |       |       |       |       |       ||    54
         Chain mail        |       |       |    11 |   212 |   158 |       |       |       |       ||   381
         Plate armour      |       |       |       |       |    75 |   398 |   377 |   496 |  3002 ||  4348
         Crystal plate arm |       |       |       |       |       |       |     7 |       |       ||     7
         Skin              |       |       |       |       |       |       |     1 |     5 |     6 ||    12
  Dodge: Dodged            |    54 |    99 |   203 |   424 |   470 |   626 |   560 |   700 |  3232 ||  6368
         Repelled          |       |       |       |       |       |     1 |     7 |       |       ||     8
   Form: Death             |       |       |       |       |       |       |       |       |     7 ||     7
                           |       |       |       |       |       |       |       |       |     1 ||     1
